Workbook
Name aaa: #REF!
Name ABB: #REF!

Sheet Sommaire Ventes
B2: SOMMAIRE FACTURE
B3: 2015
P5: Pris de la facture section L17,18
A6: ONGLET | B6: No facture MEBS | C6: Client/Description | D6: No PO | E6: Date commande reçue | F6: Date commande | G6: Date shipping | H6: Date Payée | I6: méthode | J6: Montant | K6: Montant TOTAL | L6: TPS | M6: TVQ | N6: Cout des fournitures | O6: gestion | P6: Parts | Q6: Parts | R6: Parts
C7: CHOISIR de la liste | D7: Inscrire | E7: DATE PO | F7: MEBS-fournisseurs | G7: MEBS-clients | H7: Client-MEBS | I7: #chq/virement | J7: Avant TX | K7: Tx In | L7: 0.05 | M7: 0.09975 | N7: total | P7: MEBS - 50 | Q7: DP - 25 | R7: DG - 25
B8: M @ CHOISIR
A9: 15-001 | B9: M15-001 | C9: =INDIRECT("'"&A9&"'"&"!A10",TRUE) -> #REF! | J9: =INDIRECT("'"&A9&"'"&"!G33",TRUE) -> #REF! | K9: =INDIRECT("'"&A9&"'"&"!G37",TRUE) -> #REF! | L9: =INDIRECT("'"&A9&"'"&"!G34",TRUE) -> #REF! | M9: =INDIRECT("'"&A9&"'"&"!G35",TRUE) -> #REF! | N9: =INDIRECT("'"&A9&"'"&"!k11",TRUE) -> #REF! | O9: =INDIRECT("'"&A9&"'"&"!K12",TRUE) -> #REF! | P9: =INDIRECT("'"&A9&"'"&"!K17",TRUE) -> #REF! | Q9: =INDIRECT("'"&A9&"'"&"!K18",TRUE) -> #REF! | R9: =INDIRECT("'"&A9&"'"&"!K19",TRUE) -> #REF!
A10: 15-002 | B10: M15-002 | C10: =INDIRECT("'"&A10&"'"&"!A10",TRUE) -> #REF! | J10: =INDIRECT("'"&A10&"'"&"!G33",TRUE) -> #REF! | K10: =INDIRECT("'"&A10&"'"&"!G37",TRUE) -> #REF! | L10: =INDIRECT("'"&A10&"'"&"!G34",TRUE) -> #REF! | M10: =INDIRECT("'"&A10&"'"&"!G35",TRUE) -> #REF! | N10: =INDIRECT("'"&A10&"'"&"!k11",TRUE) -> #REF! | O10: =INDIRECT("'"&A10&"'"&"!K12",TRUE) -> #REF! | P10: =INDIRECT("'"&A10&"'"&"!K17",TRUE) -> #REF! | Q10: =INDIRECT("'"&A10&"'"&"!K18",TRUE) -> #REF! | R10: =INDIRECT("'"&A10&"'"&"!K19",TRUE) -> #REF!
A11: 15-003 | B11: M15-003 | C11: =INDIRECT("'"&A11&"'"&"!A10",TRUE) -> #REF! | J11: =INDIRECT("'"&A11&"'"&"!G33",TRUE) -> #REF! | K11: =INDIRECT("'"&A11&"'"&"!G37",TRUE) -> #REF! | L11: =INDIRECT("'"&A11&"'"&"!G34",TRUE) -> #REF! | M11: =INDIRECT("'"&A11&"'"&"!G35",TRUE) -> #REF! | N11: =INDIRECT("'"&A11&"'"&"!k11",TRUE) -> #REF! | O11: =INDIRECT("'"&A11&"'"&"!K12",TRUE) -> #REF! | P11: =INDIRECT("'"&A11&"'"&"!K17",TRUE) -> #REF! | Q11: =INDIRECT("'"&A11&"'"&"!K18",TRUE) -> #REF! | R11: =INDIRECT("'"&A11&"'"&"!K19",TRUE) -> #REF!
A12: 15-004 | B12: M15-004 | C12: =INDIRECT("'"&A12&"'"&"!A10",TRUE) -> #REF! | J12: =INDIRECT("'"&A12&"'"&"!G33",TRUE) -> #REF! | K12: =INDIRECT("'"&A12&"'"&"!G37",TRUE) -> #REF! | L12: =INDIRECT("'"&A12&"'"&"!G34",TRUE) -> #REF! | M12: =INDIRECT("'"&A12&"'"&"!G35",TRUE) -> #REF! | N12: =INDIRECT("'"&A12&"'"&"!k11",TRUE) -> #REF! | O12: =INDIRECT("'"&A12&"'"&"!K12",TRUE) -> #REF! | P12: =INDIRECT("'"&A12&"'"&"!K17",TRUE) -> #REF! | Q12: =INDIRECT("'"&A12&"'"&"!K18",TRUE) -> #REF! | R12: =INDIRECT("'"&A12&"'"&"!K19",TRUE) -> #REF!
A13: 15-005 | B13: M15-005 | C13: =INDIRECT("'"&A13&"'"&"!A10",TRUE) -> #REF! | J13: =INDIRECT("'"&A13&"'"&"!G33",TRUE) -> #REF! | K13: =INDIRECT("'"&A13&"'"&"!G37",TRUE) -> #REF! | L13: =INDIRECT("'"&A13&"'"&"!G34",TRUE) -> #REF! | M13: =INDIRECT("'"&A13&"'"&"!G35",TRUE) -> #REF! | N13: =INDIRECT("'"&A13&"'"&"!k11",TRUE) -> #REF! | O13: =INDIRECT("'"&A13&"'"&"!K12",TRUE) -> #REF! | P13: =INDIRECT("'"&A13&"'"&"!K17",TRUE) -> #REF! | Q13: =INDIRECT("'"&A13&"'"&"!K18",TRUE) -> #REF! | R13: =INDIRECT("'"&A13&"'"&"!K19",TRUE) -> #REF!
A14: 15-006 | B14: M15-006 | C14: =INDIRECT("'"&A14&"'"&"!A10",TRUE) -> #REF! | J14: =INDIRECT("'"&A14&"'"&"!G33",TRUE) -> #REF! | K14: =INDIRECT("'"&A14&"'"&"!G37",TRUE) -> #REF! | L14: =INDIRECT("'"&A14&"'"&"!G34",TRUE) -> #REF! | M14: =INDIRECT("'"&A14&"'"&"!G35",TRUE) -> #REF! | N14: =INDIRECT("'"&A14&"'"&"!k11",TRUE) -> #REF! | O14: =INDIRECT("'"&A14&"'"&"!K12",TRUE) -> #REF! | P14: =INDIRECT("'"&A14&"'"&"!K17",TRUE) -> #REF! | Q14: =INDIRECT("'"&A14&"'"&"!K18",TRUE) -> #REF! | R14: =INDIRECT("'"&A14&"'"&"!K19",TRUE) -> #REF!
A15: 16-001 | B15: M16-001 | C15: =INDIRECT("'"&A15&"'"&"!A10",TRUE) -> #REF! | D15: =INDIRECT("'"&A15&"'"&"!B19",TRUE) -> #REF! | E15: 42401 | G15: =INDIRECT("'"&A15&"'"&"!E18",TRUE) -> #REF! | J15: 300 | K15: 344.93 | L15: 15 | M15: 29.93 | N15: =INDIRECT("'"&A15&"'"&"!k11",TRUE) -> #REF! | O15: =INDIRECT("'"&A15&"'"&"!K12",TRUE) -> #REF! | P15: =INDIRECT("'"&A15&"'"&"!K17",TRUE) -> #REF! | Q15: =INDIRECT("'"&A15&"'"&"!K18",TRUE) -> #REF! | R15: =INDIRECT("'"&A15&"'"&"!K19",TRUE) -> #REF!
A16: 16-002 | B16: M16-002 | C16: =INDIRECT("'"&A16&"'"&"!A10",TRUE) -> #REF! | D16: =INDIRECT("'"&A16&"'"&"!B19",TRUE) -> #REF! | E16: =INDIRECT("'"&A16&"'"&"!B18",TRUE) -> #REF! | G16: =INDIRECT("'"&A16&"'"&"!E18",TRUE) -> #REF! | J16: =INDIRECT("'"&A16&"'"&"!G33",TRUE) -> #REF! | K16: =INDIRECT("'"&A16&"'"&"!G37",TRUE) -> #REF! | L16: =INDIRECT("'"&A16&"'"&"!G34",TRUE) -> #REF! | M16: =INDIRECT("'"&A16&"'"&"!G35",TRUE) -> #REF! | N16: =INDIRECT("'"&A16&"'"&"!k11",TRUE) -> #REF! | O16: =INDIRECT("'"&A16&"'"&"!K12",TRUE) -> #REF! | P16: =INDIRECT("'"&A16&"'"&"!K17",TRUE) -> #REF! | Q16: =INDIRECT("'"&A16&"'"&"!K18",TRUE) -> #REF! | R16: =INDIRECT("'"&A16&"'"&"!K19",TRUE) -> #REF!
A17: 16-003 | B17: M16-003 | C17: =INDIRECT("'"&A17&"'"&"!A10",TRUE) -> #REF! | D17: =INDIRECT("'"&A17&"'"&"!B19",TRUE) -> #REF! | E17: =INDIRECT("'"&A17&"'"&"!B18",TRUE) -> #REF! | G17: =INDIRECT("'"&A17&"'"&"!E18",TRUE) -> #REF! | J17: =INDIRECT("'"&A17&"'"&"!G33",TRUE) -> #REF! | K17: =INDIRECT("'"&A17&"'"&"!G37",TRUE) -> #REF! | L17: =INDIRECT("'"&A17&"'"&"!G34",TRUE) -> #REF! | M17: =INDIRECT("'"&A17&"'"&"!G35",TRUE) -> #REF! | N17: =INDIRECT("'"&A17&"'"&"!k11",TRUE) -> #REF! | O17: =INDIRECT("'"&A17&"'"&"!K12",TRUE) -> #REF! | P17: =INDIRECT("'"&A17&"'"&"!K17",TRUE) -> #REF! | Q17: =INDIRECT("'"&A17&"'"&"!K18",TRUE) -> #REF! | R17: =INDIRECT("'"&A17&"'"&"!K19",TRUE) -> #REF!
A18: 16-004 | B18: M16-004 | C18: =INDIRECT("'"&A18&"'"&"!A10",TRUE) -> #REF! | D18: =INDIRECT("'"&A18&"'"&"!B19",TRUE) -> #REF! | E18: =INDIRECT("'"&A18&"'"&"!B18",TRUE) -> #REF! | G18: =INDIRECT("'"&A18&"'"&"!E18",TRUE) -> #REF! | J18: =INDIRECT("'"&A18&"'"&"!G33",TRUE) -> #REF! | K18: =INDIRECT("'"&A18&"'"&"!G37",TRUE) -> #REF! | L18: =INDIRECT("'"&A18&"'"&"!G34",TRUE) -> #REF! | M18: =INDIRECT("'"&A18&"'"&"!G35",TRUE) -> #REF! | N18: =INDIRECT("'"&A18&"'"&"!k11",TRUE) -> #REF! | O18: =INDIRECT("'"&A18&"'"&"!K12",TRUE) -> #REF! | P18: =INDIRECT("'"&A18&"'"&"!K17",TRUE) -> #REF! | Q18: =INDIRECT("'"&A18&"'"&"!K18",TRUE) -> #REF! | R18: =INDIRECT("'"&A18&"'"&"!K19",TRUE) -> #REF!
A19: 16-005 | B19: M16-005 | C19: =INDIRECT("'"&A19&"'"&"!A10",TRUE) -> #REF! | D19: =INDIRECT("'"&A19&"'"&"!B19",TRUE) -> #REF! | E19: =INDIRECT("'"&A19&"'"&"!B18",TRUE) -> #REF! | G19: =INDIRECT("'"&A19&"'"&"!E18",TRUE) -> #REF! | J19: =INDIRECT("'"&A19&"'"&"!G33",TRUE) -> #REF! | K19: =INDIRECT("'"&A19&"'"&"!G37",TRUE) -> #REF! | L19: =INDIRECT("'"&A19&"'"&"!G34",TRUE) -> #REF! | M19: =INDIRECT("'"&A19&"'"&"!G35",TRUE) -> #REF! | N19: =INDIRECT("'"&A19&"'"&"!k11",TRUE) -> #REF! | O19: =INDIRECT("'"&A19&"'"&"!K12",TRUE) -> #REF! | P19: =INDIRECT("'"&A19&"'"&"!K17",TRUE) -> #REF! | Q19: =INDIRECT("'"&A19&"'"&"!K18",TRUE) -> #REF! | R19: =INDIRECT("'"&A19&"'"&"!K19",TRUE) -> #REF!
A20: 16-006 | B20: M16-006 | C20: =INDIRECT("'"&A20&"'"&"!A10",TRUE) -> #REF! | D20: =INDIRECT("'"&A20&"'"&"!B19",TRUE) -> #REF! | E20: =INDIRECT("'"&A20&"'"&"!B18",TRUE) -> #REF! | G20: =INDIRECT("'"&A20&"'"&"!E18",TRUE) -> #REF! | J20: =INDIRECT("'"&A20&"'"&"!G33",TRUE) -> #REF! | K20: =INDIRECT("'"&A20&"'"&"!G37",TRUE) -> #REF! | L20: =INDIRECT("'"&A20&"'"&"!G34",TRUE) -> #REF! | M20: =INDIRECT("'"&A20&"'"&"!G35",TRUE) -> #REF! | N20: =INDIRECT("'"&A20&"'"&"!k11",TRUE) -> #REF! | O20: =INDIRECT("'"&A20&"'"&"!K12",TRUE) -> #REF! | P20: =INDIRECT("'"&A20&"'"&"!K17",TRUE) -> #REF! | Q20: =INDIRECT("'"&A20&"'"&"!K18",TRUE) -> #REF! | R20: =INDIRECT("'"&A20&"'"&"!K19",TRUE) -> #REF!
A21: 16-007 | B21: M16-007 | C21: =INDIRECT("'"&A21&"'"&"!A10",TRUE) -> #REF! | D21: =INDIRECT("'"&A21&"'"&"!B19",TRUE) -> #REF! | E21: =INDIRECT("'"&A21&"'"&"!B18",TRUE) -> #REF! | G21: =INDIRECT("'"&A21&"'"&"!E18",TRUE) -> #REF! | J21: =INDIRECT("'"&A21&"'"&"!G33",TRUE) -> #REF! | K21: =INDIRECT("'"&A21&"'"&"!G37",TRUE) -> #REF! | L21: =INDIRECT("'"&A21&"'"&"!G34",TRUE) -> #REF! | M21: =INDIRECT("'"&A21&"'"&"!G35",TRUE) -> #REF! | N21: =INDIRECT("'"&A21&"'"&"!k11",TRUE) -> #REF! | O21: =INDIRECT("'"&A21&"'"&"!K12",TRUE) -> #REF! | P21: =INDIRECT("'"&A21&"'"&"!K17",TRUE) -> #REF! | Q21: =INDIRECT("'"&A21&"'"&"!K18",TRUE) -> #REF! | R21: =INDIRECT("'"&A21&"'"&"!K19",TRUE) -> #REF!
A22: 16-008 | B22: M16-008 | C22: =INDIRECT("'"&A22&"'"&"!A10",TRUE) -> #REF! | D22: =INDIRECT("'"&A22&"'"&"!B19",TRUE) -> #REF! | E22: =INDIRECT("'"&A22&"'"&"!B18",TRUE) -> #REF! | G22: =INDIRECT("'"&A22&"'"&"!E18",TRUE) -> #REF! | J22: =INDIRECT("'"&A22&"'"&"!G33",TRUE) -> #REF! | K22: =INDIRECT("'"&A22&"'"&"!G37",TRUE) -> #REF! | L22: =INDIRECT("'"&A22&"'"&"!G34",TRUE) -> #REF! | M22: =INDIRECT("'"&A22&"'"&"!G35",TRUE) -> #REF! | N22: =INDIRECT("'"&A22&"'"&"!k11",TRUE) -> #REF! | O22: =INDIRECT("'"&A22&"'"&"!K12",TRUE) -> #REF! | P22: =INDIRECT("'"&A22&"'"&"!K17",TRUE) -> #REF! | Q22: =INDIRECT("'"&A22&"'"&"!K18",TRUE) -> #REF! | R22: =INDIRECT("'"&A22&"'"&"!K19",TRUE) -> #REF!
A23: 16-009 | B23: M16-009 | C23: =INDIRECT("'"&A23&"'"&"!A10",TRUE) -> #REF! | D23: =INDIRECT("'"&A23&"'"&"!B19",TRUE) -> #REF! | E23: =INDIRECT("'"&A23&"'"&"!B18",TRUE) -> #REF! | G23: =INDIRECT("'"&A23&"'"&"!E18",TRUE) -> #REF! | J23: =INDIRECT("'"&A23&"'"&"!G33",TRUE) -> #REF! | K23: =INDIRECT("'"&A23&"'"&"!G37",TRUE) -> #REF! | L23: =INDIRECT("'"&A23&"'"&"!G34",TRUE) -> #REF! | M23: =INDIRECT("'"&A23&"'"&"!G35",TRUE) -> #REF! | N23: =INDIRECT("'"&A23&"'"&"!k11",TRUE) -> #REF! | O23: =INDIRECT("'"&A23&"'"&"!K12",TRUE) -> #REF! | P23: =INDIRECT("'"&A23&"'"&"!K17",TRUE) -> #REF! | Q23: =INDIRECT("'"&A23&"'"&"!K18",TRUE) -> #REF! | R23: =INDIRECT("'"&A23&"'"&"!K19",TRUE) -> #REF!
A24: 16-010 | B24: M16-010 | C24: =INDIRECT("'"&A24&"'"&"!A10",TRUE) -> #REF! | D24: =INDIRECT("'"&A24&"'"&"!B19",TRUE) -> #REF! | E24: =INDIRECT("'"&A24&"'"&"!B18",TRUE) -> #REF! | G24: =INDIRECT("'"&A24&"'"&"!E18",TRUE) -> #REF! | J24: =INDIRECT("'"&A24&"'"&"!G33",TRUE) -> #REF! | K24: =INDIRECT("'"&A24&"'"&"!G37",TRUE) -> #REF! | L24: =INDIRECT("'"&A24&"'"&"!G34",TRUE) -> #REF! | M24: =INDIRECT("'"&A24&"'"&"!G35",TRUE) -> #REF! | N24: =INDIRECT("'"&A24&"'"&"!k11",TRUE) -> #REF! | O24: =INDIRECT("'"&A24&"'"&"!K12",TRUE) -> #REF! | P24: =INDIRECT("'"&A24&"'"&"!K17",TRUE) -> #REF! | Q24: =INDIRECT("'"&A24&"'"&"!K18",TRUE) -> #REF! | R24: =INDIRECT("'"&A24&"'"&"!K19",TRUE) -> #REF!
A25: 16-011 | B25: M16-011 | C25: =INDIRECT("'"&A25&"'"&"!A10",TRUE) -> #REF! | D25: =INDIRECT("'"&A25&"'"&"!B19",TRUE) -> #REF! | E25: =INDIRECT("'"&A25&"'"&"!B18",TRUE) -> #REF! | G25: =INDIRECT("'"&A25&"'"&"!E18",TRUE) -> #REF! | J25: =INDIRECT("'"&A25&"'"&"!G33",TRUE) -> #REF! | K25: =INDIRECT("'"&A25&"'"&"!G37",TRUE) -> #REF! | L25: =INDIRECT("'"&A25&"'"&"!G34",TRUE) -> #REF! | M25: =INDIRECT("'"&A25&"'"&"!G35",TRUE) -> #REF! | N25: =INDIRECT("'"&A25&"'"&"!k11",TRUE) -> #REF! | O25: =INDIRECT("'"&A25&"'"&"!K12",TRUE) -> #REF! | P25: =INDIRECT("'"&A25&"'"&"!K17",TRUE) -> #REF! | Q25: =INDIRECT("'"&A25&"'"&"!K18",TRUE) -> #REF! | R25: =INDIRECT("'"&A25&"'"&"!K19",TRUE) -> #REF!
A26: 16-012 | B26: M16-012 | C26: =INDIRECT("'"&A26&"'"&"!A10",TRUE) -> #REF! | D26: =INDIRECT("'"&A26&"'"&"!B19",TRUE) -> #REF! | E26: =INDIRECT("'"&A26&"'"&"!B18",TRUE) -> #REF! | G26: =INDIRECT("'"&A26&"'"&"!E18",TRUE) -> #REF! | J26: =INDIRECT("'"&A26&"'"&"!G33",TRUE) -> #REF! | K26: =INDIRECT("'"&A26&"'"&"!G37",TRUE) -> #REF! | L26: =INDIRECT("'"&A26&"'"&"!G34",TRUE) -> #REF! | M26: =INDIRECT("'"&A26&"'"&"!G35",TRUE) -> #REF! | N26: =INDIRECT("'"&A26&"'"&"!k11",TRUE) -> #REF! | O26: =INDIRECT("'"&A26&"'"&"!K12",TRUE) -> #REF! | P26: =INDIRECT("'"&A26&"'"&"!K17",TRUE) -> #REF! | Q26: =INDIRECT("'"&A26&"'"&"!K18",TRUE) -> #REF! | R26: =INDIRECT("'"&A26&"'"&"!K19",TRUE) -> #REF!
A27: 16-013 | B27: M16-013 | C27: =INDIRECT("'"&A27&"'"&"!A10",TRUE) -> #REF! | D27: =INDIRECT("'"&A27&"'"&"!B19",TRUE) -> #REF! | E27: =INDIRECT("'"&A27&"'"&"!B18",TRUE) -> #REF! | G27: =INDIRECT("'"&A27&"'"&"!E18",TRUE) -> #REF! | J27: =INDIRECT("'"&A27&"'"&"!G33",TRUE) -> #REF! | K27: =INDIRECT("'"&A27&"'"&"!G37",TRUE) -> #REF! | L27: =INDIRECT("'"&A27&"'"&"!G34",TRUE) -> #REF! | M27: =INDIRECT("'"&A27&"'"&"!G35",TRUE) -> #REF! | N27: =INDIRECT("'"&A27&"'"&"!k11",TRUE) -> #REF! | O27: =INDIRECT("'"&A27&"'"&"!K12",TRUE) -> #REF! | P27: =INDIRECT("'"&A27&"'"&"!K17",TRUE) -> #REF! | Q27: =INDIRECT("'"&A27&"'"&"!K18",TRUE) -> #REF! | R27: =INDIRECT("'"&A27&"'"&"!K19",TRUE) -> #REF!
... A30: 16-016 | B30: M16-016 | C30: =INDIRECT("'"&A30&"'"&"!A10",TRUE) -> #REF! | D30: =INDIRECT("'"&A30&"'"&"!B19",TRUE) -> #REF! | E30: =INDIRECT("'"&A30&"'"&"!B18",TRUE) -> #REF! | G30: =INDIRECT("'"&A30&"'"&"!E18",TRUE) -> #REF! | J30: =INDIRECT("'"&A30&"'"&"!G33",TRUE) -> #REF! | K30: =INDIRECT("'"&A30&"'"&"!G37",TRUE) -> #REF! | L30: =INDIRECT("'"&A30&"'"&"!G34",TRUE) -> #REF! | M30: =INDIRECT("'"&A30&"'"&"!G35",TRUE) -> #REF! | N30: =INDIRECT("'"&A30&"'"&"!k11",TRUE) -> #REF! | O30: =INDIRECT("'"&A30&"'"&"!K12",TRUE) -> #REF! | P30: =INDIRECT("'"&A30&"'"&"!K17",TRUE) -> #REF! | Q30: =INDIRECT("'"&A30&"'"&"!K18",TRUE) -> #REF! | R30: =INDIRECT("'"&A30&"'"&"!K19",TRUE) -> #REF!
A31: 16-017 | B31: M16-017 | J31: =INDIRECT("'"&A31&"'"&"!G33",TRUE) -> #REF! | K31: =INDIRECT("'"&A31&"'"&"!G37",TRUE) -> #REF! | L31: =INDIRECT("'"&A31&"'"&"!G34",TRUE) -> #REF! | M31: =INDIRECT("'"&A31&"'"&"!G35",TRUE) -> #REF! | N31: =INDIRECT("'"&A31&"'"&"!k11",TRUE) -> #REF! | O31: =INDIRECT("'"&A31&"'"&"!K12",TRUE) -> #REF! | P31: =INDIRECT("'"&A31&"'"&"!K17",TRUE) -> #REF! | Q31: =INDIRECT("'"&A31&"'"&"!K18",TRUE) -> #REF! | R31: =INDIRECT("'"&A31&"'"&"!K19",TRUE) -> #REF!
A32: 16-018 | B32: M16-018 | J32: =INDIRECT("'"&A32&"'"&"!G33",TRUE) -> #REF! | K32: =INDIRECT("'"&A32&"'"&"!G37",TRUE) -> #REF! | L32: =INDIRECT("'"&A32&"'"&"!G34",TRUE) -> #REF! | M32: =INDIRECT("'"&A32&"'"&"!G35",TRUE) -> #REF! | N32: =INDIRECT("'"&A32&"'"&"!k11",TRUE) -> #REF! | O32: =INDIRECT("'"&A32&"'"&"!K12",TRUE) -> #REF! | P32: =INDIRECT("'"&A32&"'"&"!K17",TRUE) -> #REF! | Q32: =INDIRECT("'"&A32&"'"&"!K18",TRUE) -> #REF! | R32: =INDIRECT("'"&A32&"'"&"!K19",TRUE) -> #REF!
A33: 16-019 | B33: M16-019 | J33: =INDIRECT("'"&A33&"'"&"!G33",TRUE) -> #REF! | K33: =INDIRECT("'"&A33&"'"&"!G37",TRUE) -> #REF! | L33: =INDIRECT("'"&A33&"'"&"!G34",TRUE) -> #REF! | M33: =INDIRECT("'"&A33&"'"&"!G35",TRUE) -> #REF! | N33: =INDIRECT("'"&A33&"'"&"!k11",TRUE) -> #REF! | O33: =INDIRECT("'"&A33&"'"&"!K12",TRUE) -> #REF! | P33: =INDIRECT("'"&A33&"'"&"!K17",TRUE) -> #REF! | Q33: =INDIRECT("'"&A33&"'"&"!K18",TRUE) -> #REF! | R33: =INDIRECT("'"&A33&"'"&"!K19",TRUE) -> #REF!
A34: 16-020 | B34: M16-020 | J34: =INDIRECT("'"&A34&"'"&"!G33",TRUE) -> #REF! | K34: =INDIRECT("'"&A34&"'"&"!G37",TRUE) -> #REF! | L34: =INDIRECT("'"&A34&"'"&"!G34",TRUE) -> #REF! | M34: =INDIRECT("'"&A34&"'"&"!G35",TRUE) -> #REF! | N34: =INDIRECT("'"&A34&"'"&"!k11",TRUE) -> #REF! | O34: =INDIRECT("'"&A34&"'"&"!K12",TRUE) -> #REF! | P34: =INDIRECT("'"&A34&"'"&"!K17",TRUE) -> #REF! | Q34: =INDIRECT("'"&A34&"'"&"!K18",TRUE) -> #REF! | R34: =INDIRECT("'"&A34&"'"&"!K19",TRUE) -> #REF!
A35: 16-021 | B35: M16-021 | J35: =INDIRECT("'"&A35&"'"&"!G33",TRUE) -> #REF! | K35: =INDIRECT("'"&A35&"'"&"!G37",TRUE) -> #REF! | L35: =INDIRECT("'"&A35&"'"&"!G34",TRUE) -> #REF! | M35: =INDIRECT("'"&A35&"'"&"!G35",TRUE) -> #REF! | N35: =INDIRECT("'"&A35&"'"&"!k11",TRUE) -> #REF! | O35: =INDIRECT("'"&A35&"'"&"!K12",TRUE) -> #REF! | P35: =INDIRECT("'"&A35&"'"&"!K17",TRUE) -> #REF! | Q35: =INDIRECT("'"&A35&"'"&"!K18",TRUE) -> #REF! | R35: =INDIRECT("'"&A35&"'"&"!K19",TRUE) -> #REF!
A36: 16-022 | B36: M16-022 | J36: =INDIRECT("'"&A36&"'"&"!G33",TRUE) -> #REF! | K36: =INDIRECT("'"&A36&"'"&"!G37",TRUE) -> #REF! | L36: =INDIRECT("'"&A36&"'"&"!G34",TRUE) -> #REF! | M36: =INDIRECT("'"&A36&"'"&"!G35",TRUE) -> #REF! | N36: =INDIRECT("'"&A36&"'"&"!k11",TRUE) -> #REF! | O36: =INDIRECT("'"&A36&"'"&"!K12",TRUE) -> #REF! | P36: =INDIRECT("'"&A36&"'"&"!K17",TRUE) -> #REF! | Q36: =INDIRECT("'"&A36&"'"&"!K18",TRUE) -> #REF! | R36: =INDIRECT("'"&A36&"'"&"!K19",TRUE) -> #REF!
A37: 16-023 | B37: M16-023 | J37: =INDIRECT("'"&A37&"'"&"!G33",TRUE) -> #REF! | K37: =INDIRECT("'"&A37&"'"&"!G37",TRUE) -> #REF! | L37: =INDIRECT("'"&A37&"'"&"!G34",TRUE) -> #REF! | M37: =INDIRECT("'"&A37&"'"&"!G35",TRUE) -> #REF! | N37: =INDIRECT("'"&A37&"'"&"!k11",TRUE) -> #REF! | O37: =INDIRECT("'"&A37&"'"&"!K12",TRUE) -> #REF! | P37: =INDIRECT("'"&A37&"'"&"!K17",TRUE) -> #REF! | Q37: =INDIRECT("'"&A37&"'"&"!K18",TRUE) -> #REF! | R37: =INDIRECT("'"&A37&"'"&"!K19",TRUE) -> #REF!
A38: 16-024 | B38: M16-024 | J38: =INDIRECT("'"&A38&"'"&"!G33",TRUE) -> #REF! | K38: =INDIRECT("'"&A38&"'"&"!G37",TRUE) -> #REF! | L38: =INDIRECT("'"&A38&"'"&"!G34",TRUE) -> #REF! | M38: =INDIRECT("'"&A38&"'"&"!G35",TRUE) -> #REF! | N38: =INDIRECT("'"&A38&"'"&"!k11",TRUE) -> #REF! | O38: =INDIRECT("'"&A38&"'"&"!K12",TRUE) -> #REF! | P38: =INDIRECT("'"&A38&"'"&"!K17",TRUE) -> #REF! | Q38: =INDIRECT("'"&A38&"'"&"!K18",TRUE) -> #REF! | R38: =INDIRECT("'"&A38&"'"&"!K19",TRUE) -> #REF!
A39: 16-025 | B39: M16-025 | J39: =INDIRECT("'"&A39&"'"&"!G33",TRUE) -> #REF! | K39: =INDIRECT("'"&A39&"'"&"!G37",TRUE) -> #REF! | L39: =INDIRECT("'"&A39&"'"&"!G34",TRUE) -> #REF! | M39: =INDIRECT("'"&A39&"'"&"!G35",TRUE) -> #REF! | N39: =INDIRECT("'"&A39&"'"&"!k11",TRUE) -> #REF! | O39: =INDIRECT("'"&A39&"'"&"!K12",TRUE) -> #REF! | P39: =INDIRECT("'"&A39&"'"&"!K17",TRUE) -> #REF! | Q39: =INDIRECT("'"&A39&"'"&"!K18",TRUE) -> #REF! | R39: =INDIRECT("'"&A39&"'"&"!K19",TRUE) -> #REF!
A40: 16-026 | B40: M16-026 | J40: =INDIRECT("'"&A40&"'"&"!G33",TRUE) -> #REF! | K40: =INDIRECT("'"&A40&"'"&"!G37",TRUE) -> #REF! | L40: =INDIRECT("'"&A40&"'"&"!G34",TRUE) -> #REF! | M40: =INDIRECT("'"&A40&"'"&"!G35",TRUE) -> #REF! | N40: =INDIRECT("'"&A40&"'"&"!k11",TRUE) -> #REF! | O40: =INDIRECT("'"&A40&"'"&"!K12",TRUE) -> #REF! | P40: =INDIRECT("'"&A40&"'"&"!K17",TRUE) -> #REF! | Q40: =INDIRECT("'"&A40&"'"&"!K18",TRUE) -> #REF! | R40: =INDIRECT("'"&A40&"'"&"!K19",TRUE) -> #REF!
A41: 16-027 | B41: M16-027 | J41: =INDIRECT("'"&A41&"'"&"!G33",TRUE) -> #REF! | K41: =INDIRECT("'"&A41&"'"&"!G37",TRUE) -> #REF! | L41: =INDIRECT("'"&A41&"'"&"!G34",TRUE) -> #REF! | M41: =INDIRECT("'"&A41&"'"&"!G35",TRUE) -> #REF! | N41: =INDIRECT("'"&A41&"'"&"!k11",TRUE) -> #REF! | O41: =INDIRECT("'"&A41&"'"&"!K12",TRUE) -> #REF! | P41: =INDIRECT("'"&A41&"'"&"!K17",TRUE) -> #REF! | Q41: =INDIRECT("'"&A41&"'"&"!K18",TRUE) -> #REF! | R41: =INDIRECT("'"&A41&"'"&"!K19",TRUE) -> #REF!
A42: 16-028 | B42: M16-028 | J42: =INDIRECT("'"&A42&"'"&"!G33",TRUE) -> #REF! | K42: =INDIRECT("'"&A42&"'"&"!G37",TRUE) -> #REF! | L42: =INDIRECT("'"&A42&"'"&"!G34",TRUE) -> #REF! | M42: =INDIRECT("'"&A42&"'"&"!G35",TRUE) -> #REF! | N42: =INDIRECT("'"&A42&"'"&"!k11",TRUE) -> #REF! | O42: =INDIRECT("'"&A42&"'"&"!K12",TRUE) -> #REF! | P42: =INDIRECT("'"&A42&"'"&"!K17",TRUE) -> #REF! | Q42: =INDIRECT("'"&A42&"'"&"!K18",TRUE) -> #REF! | R42: =INDIRECT("'"&A42&"'"&"!K19",TRUE) -> #REF!
... A67: 16-053 | B67: M16-053 | J67: =INDIRECT("'"&A67&"'"&"!G33",TRUE) -> #REF! | K67: =INDIRECT("'"&A67&"'"&"!G37",TRUE) -> #REF! | L67: =INDIRECT("'"&A67&"'"&"!G34",TRUE) -> #REF! | M67: =INDIRECT("'"&A67&"'"&"!G35",TRUE) -> #REF! | N67: =INDIRECT("'"&A67&"'"&"!k11",TRUE) -> #REF! | O67: =INDIRECT("'"&A67&"'"&"!K12",TRUE) -> #REF! | P67: =INDIRECT("'"&A67&"'"&"!K17",TRUE) -> #REF! | Q67: =INDIRECT("'"&A67&"'"&"!K18",TRUE) -> #REF! | R67: =INDIRECT("'"&A67&"'"&"!K19",TRUE) -> #REF!
A68: 16-054 | B68: M16-054 | J68: =INDIRECT("'"&A68&"'"&"!G33",TRUE) -> #REF!
J69: =INDIRECT("'"&A69&"'"&"!G33",TRUE) -> #REF!
J70: =INDIRECT("'"&A70&"'"&"!G33",TRUE) -> #REF!
J71: =INDIRECT("'"&A71&"'"&"!G33",TRUE) -> #REF!
J72: =INDIRECT("'"&A72&"'"&"!G33",TRUE) -> #REF!
J73: =INDIRECT("'"&A73&"'"&"!G33",TRUE) -> #REF!
J74: =INDIRECT("'"&A74&"'"&"!G33",TRUE) -> #REF!
J75: =INDIRECT("'"&A75&"'"&"!G33",TRUE) -> #REF!
J76: =INDIRECT("'"&A76&"'"&"!G33",TRUE) -> #REF!
J77: =INDIRECT("'"&A77&"'"&"!G33",TRUE) -> #REF!
J78: =INDIRECT("'"&A78&"'"&"!G33",TRUE) -> #REF!
J79: =INDIRECT("'"&A79&"'"&"!G33",TRUE) -> #REF!
J80: =INDIRECT("'"&A80&"'"&"!G33",TRUE) -> #REF!
... J85: =INDIRECT("'"&A85&"'"&"!G33",TRUE) -> #REF!

Sheet Template
G1: M15-003
G3: =TODAY() -> 42422
A9: CLIENT | G9: Facture / Invoice | I9: Définition des recettes | J9: %
A10: Client name - liste déroulante | I10: Vente | K10: =G33 -> #N/A
A11: =VLOOKUP(A10,ListeClients!A3:ZZ65003,2,FALSE) -> do not touch | I11: Coût des fournitures | K11: =SUM(I22:I29) -> #N/A
A12: =VLOOKUP(A10,ListeClients!A3:ZZ65003,3,FALSE) -> do not touch | I12: GESTION | J12: 15 | K12: =J12/100*(K10-K11) -> #N/A
A13: =VLOOKUP(A10,ListeClients!A3:ZZ65003,4,FALSE) -> 0 | I13: Bénéfice | K13: =K10-K11-K12 -> #N/A
A14: =VLOOKUP(A10,ListeClients!A3:ZZ65003,6,FALSE) -> contact name (no touch)
A15: =VLOOKUP(A10,ListeClients!A3:ZZ65003,7,FALSE) -> do not touch | I15: Partage des recettes
A16: =VLOOKUP(A10,ListeClients!A3:ZZ65003,10,FALSE) -> contact e-mail (no touch) | J16: %
A17: DESCRIPTION | G17: TARIF | J17: 50 | K17: =K13*J17% -> #N/A
A18: Date PO | D18: Shipping Date | J18: 25 | K18: =K13*J18% -> #N/A
A19: PO Associé | J19: 25 | K19: =K13*J19% -> #N/A
A20: Vente Équipement
A21: Produit / Description | B21: Item # | C21: SN | D21: Prix Unitaire | E21: QTE | I21: Cout des Fournitures
A22: =VLOOKUP(B22,Inventaire!B4:AAA65013,9,FALSE) -> #N/A | B22: # d'Identifiant SCEM MEBS Picking List # | C22: =VLOOKUP(B22,Inventaire!B4:AAB65013,16,FALSE) -> #N/A | D22: =VLOOKUP(B22,Inventaire!B4:AAA65013,13,FALSE) -> #N/A | E22: 1 | G22: =E22*D22 -> #N/A | I22: =(VLOOKUP(B22,Inventaire!B4:AAA65013,14,FALSE))*E22 -> #N/A
A23: =VLOOKUP(B23,Inventaire!B4:AAA65014,9,FALSE) -> #N/A | B23: # d'inventaire SCEM MEBS Picking List # | C23: =VLOOKUP(B23,Inventaire!B4:AAB65014,16,FALSE) -> #N/A | D23: =VLOOKUP(B23,Inventaire!B4:AAA65013,13,FALSE) -> #N/A | G23: =E23*D23 -> #N/A | I23: =(VLOOKUP(B23,Inventaire!B5:AAA65014,14,FALSE))*E23 -> #N/A
A24: =VLOOKUP(B24,Inventaire!B4:AAA65015,9,FALSE) -> #N/A | B24: # d'inventaire SCEM MEBS Picking List # | C24: =VLOOKUP(B24,Inventaire!B4:AAB65015,16,FALSE) -> #N/A | D24: =VLOOKUP(B24,Inventaire!B4:AAA65013,13,FALSE) -> #N/A | G24: =E24*D24 -> #N/A | I24: =(VLOOKUP(B24,Inventaire!B6:AAA65015,14,FALSE))*E24 -> #N/A
A25: =VLOOKUP(B25,Inventaire!B4:AAA65016,9,FALSE) -> #N/A | B25: # d'inventaire SCEM MEBS Picking List # | C25: =VLOOKUP(B25,Inventaire!B4:AAB65016,16,FALSE) -> #N/A | D25: =VLOOKUP(B25,Inventaire!B4:AAA65013,13,FALSE) -> #N/A | G25: =E25*D25 -> #N/A | I25: =(VLOOKUP(B25,Inventaire!B7:AAA65016,14,FALSE))*E25 -> #N/A
A26: =VLOOKUP(B26,Inventaire!B4:AAA65013,9,FALSE) -> #N/A | B26: # d'inventaire SCEM MEBS Picking List # | C26: =VLOOKUP(B26,Inventaire!B4:AAB65017,16,FALSE) -> #N/A | D26: =VLOOKUP(B26,Inventaire!B4:AAA65013,13,FALSE) -> #N/A | G26: =E26*D26 -> #N/A | I26: =(VLOOKUP(B26,Inventaire!B8:AAA65017,14,FALSE))*E26 -> #N/A
A27: =VLOOKUP(B27,Inventaire!B4:AAA65013,9,FALSE) -> #N/A | B27: # d'inventaire SCEM MEBS Picking List # | C27: =VLOOKUP(B27,Inventaire!B4:AAB65018,16,FALSE) -> #N/A | D27: =VLOOKUP(B27,Inventaire!B5:AAA65014,13,FALSE) -> #N/A | G27: =E27*D27 -> #N/A | I27: =(VLOOKUP(B27,Inventaire!B9:AAA65018,14,FALSE))*E27 -> #N/A
A28: =VLOOKUP(B28,Inventaire!B4:AAA65013,9,FALSE) -> #N/A | B28: # d'inventaire SCEM MEBS Picking List # | C28: =VLOOKUP(B28,Inventaire!B4:AAB65019,16,FALSE) -> #N/A | D28: =VLOOKUP(B28,Inventaire!B4:AAA65013,13,FALSE) -> #N/A | G28: =E28*D28 -> #N/A | I28: =(VLOOKUP(B28,Inventaire!B10:AAA65019,14,FALSE))*E28 -> #N/A
A29: =VLOOKUP(B29,Inventaire!B4:AAA65013,9,FALSE) -> #N/A | B29: # d'inventaire SCEM MEBS Picking List # | C29: =VLOOKUP(B29,Inventaire!B4:AAB65020,16,FALSE) -> #N/A | D29: =VLOOKUP(B29,Inventaire!B4:AAA65013,13,FALSE) -> #N/A | G29: =E29*D29 -> #N/A | I29: =(VLOOKUP(B29,Inventaire!B11:AAA65020,14,FALSE))*E29 -> #N/A
A31: *TRANSPORT AUX FRAIS DU CLIENT* | B31: transporteur id | D31: Montant si payé par MEBS | G31: 0
A32: - Les factures sont toutes assujetties aux taxes applicables (TPS/TVQ).
E33: Sous total: | G33: =SUM(G22:G32) -> #N/A
A34: S.V.P. Émettre paiement à l'ordre de: | G34: =PRODUCT(G33,5%) -> #N/A
G35: =(G33)*9.975% -> #N/A
B37: =VLOOKUP(G9,#REF!,2,FALSE) -> #REF! | G37: =SUM(G33:G35) -> #N/A

Sheet Inventaire
C1: 1 | J1: ARTICLES DISPONIBLES LE: AVAILABLE ITEMS: 2016-02-09
B2: 1 | C2: 2 | D2: 3 | F2: 5 | H2: 7 | I2: 8 | J2: 9 | K2: 10 | L2: 11 | M2: 12 | O2: 14 | Q2: 16
B3: # d'Identifiant SCEM MEBS Picking List # | C3: Prov Or. | D3: Catégorie | E3: catégorie raccourcis | F3: Manufacturier | G3: Manifacturier Raccourci | H3: # | I3: Item Part # | J3: Description | K3: Quantité | L3: qtée validée | M3: État (n/u/D)
B4: =IF(AND(ISBLANK($C4),ISBLANK($E4),ISBLANK($G4),ISBLANK($H4)),"",IF(OR(ISBLANK($C4),ISBLANK($E4),ISBLANK($G4),ISBLANK($H4)),"Missing Info",$C4&"-"&TEXT($E4,"0000")&"-"&TEXT($G4,"0000")&"-"&TEXT($H4,"000"))) -> SS-Md-Abb-iStat | C4: SS | D4: medical | E4: =VLOOKUP(D4,'Listes Inventaire'!E4:F18,2,FALSE) -> Md | F4: Abbott | G4: =VLOOKUP(F4,'Listes Inventaire'!H:I,2,FALSE) -> Abb | H4: iStat | J4: iSTAT | K4: 4 | L4: 1 | M4: u
B5: =IF(AND(ISBLANK($C5),ISBLANK($E5),ISBLANK($G5),ISBLANK($H5)),"",IF(OR(ISBLANK($C5),ISBLANK($E5),ISBLANK($G5),ISBLANK($H5)),"Missing Info",$C5&"-"&TEXT($E5,"0000")&"-"&TEXT($G5,"0000")&"-"&TEXT($H5,"000"))) -> DP-De-Agi-M3500b | C5: DP | D5: Defib. Equip | E5: =VLOOKUP(D5,'Listes Inventaire'!E4:F18,2,FALSE) -> De | F5: Agilent | G5: =VLOOKUP(F5,'Listes Inventaire'!H:I,2,FALSE) -> Agi | H5: M3500b | I5: M3500B | J5: Heartstart M3500B / opt ABL | K5: 1 | L5: 1 | M5: u
B6: =IF(AND(ISBLANK($C6),ISBLANK($E6),ISBLANK($G6),ISBLANK($H6)),"",IF(OR(ISBLANK($C6),ISBLANK($E6),ISBLANK($G6),ISBLANK($H6)),"Missing Info",$C6&"-"&TEXT($E6,"0000")&"-"&TEXT($G6,"0000")&"-"&TEXT($H6,"000"))) -> DP-De-Agi-M3500b | C6: DP | D6: Defib. Equip | E6: =VLOOKUP(D6,'Listes Inventaire'!E4:F18,2,FALSE) -> De | F6: Agilent | G6: =VLOOKUP(F6,'Listes Inventaire'!H:I,2,FALSE) -> Agi | H6: M3500b | I6: M3500B | J6: Heartstart M3500B / opt ABL | K6: 1 | L6: 1 | M6: u
B7: =IF(AND(ISBLANK($C7),ISBLANK($E7),ISBLANK($G7),ISBLANK($H7)),"",IF(OR(ISBLANK($C7),ISBLANK($E7),ISBLANK($G7),ISBLANK($H7)),"Missing Info",$C7&"-"&TEXT($E7,"0000")&"-"&TEXT($G7,"0000")&"-"&TEXT($H7,"000"))) -> DP-De-Agi-M3500b | C7: DP | D7: Defib. Equip | E7: =VLOOKUP(D7,'Listes Inventaire'!E4:F18,2,FALSE) -> De | F7: Agilent | G7: =VLOOKUP(F7,'Listes Inventaire'!H:I,2,FALSE) -> Agi | H7: M3500b | I7: M3500B | J7: Heartstart M3500B / opt ABL | K7: 1 | L7: 1 | M7: u
B8: =IF(AND(ISBLANK($C8),ISBLANK($E8),ISBLANK($G8),ISBLANK($H8)),"",IF(OR(ISBLANK($C8),ISBLANK($E8),ISBLANK($G8),ISBLANK($H8)),"Missing Info",$C8&"-"&TEXT($E8,"0000")&"-"&TEXT($G8,"0000")&"-"&TEXT($H8,"000"))) -> SS-Md-Bio-XX | C8: SS | D8: Medical | E8: =VLOOKUP(D8,'Listes Inventaire'!E4:F18,2,FALSE) -> Md | F8: BIOJECTOR | G8: =VLOOKUP(F8,'Listes Inventaire'!H:I,2,FALSE) -> Bio | H8: XX | I8: 0 | J8: BIOJECTOR (Needle-Free Injection Mgt System) | K8: 3 | L8: 1 | M8: u | N8: 0 | O8: 0 | P8: 0 | Q8: - | R8: 0 | S8: 0 | T8: 0
B9: =IF(AND(ISBLANK($C9),ISBLANK($E9),ISBLANK($G9),ISBLANK($H9)),"",IF(OR(ISBLANK($C9),ISBLANK($E9),ISBLANK($G9),ISBLANK($H9)),"Missing Info",$C9&"-"&TEXT($E9,"0000")&"-"&TEXT($G9,"0000")&"-"&TEXT($H9,"000"))) -> SS-Md-BMD-Xvent4 | C9: SS | D9: Medical | E9: =VLOOKUP(D9,'Listes Inventaire'!E4:F18,2,FALSE) -> Md | F9: BMD | G9: =VLOOKUP(F9,'Listes Inventaire'!H:I,2,FALSE) -> BMD | H9: Xvent4 | I9: 0 | J9: BMD CROSSVENT 4 (Bio Med Device) | K9: 5 | L9: 1 | M9: u | Q9: -
B10: =IF(AND(ISBLANK($C10),ISBLANK($E10),ISBLANK($G10),ISBLANK($H10)),"",IF(OR(ISBLANK($C10),ISBLANK($E10),ISBLANK($G10),ISBLANK($H10)),"Missing Info",$C10&"-"&TEXT($E10,"0000")&"-"&TEXT($G10,"0000")&"-"&TEXT($H10,"000"))) -> CC-Ot-Bur-Lamp | C10: CC | D10: Other | E10: =VLOOKUP(D10,'Listes Inventaire'!E4:F18,2,FALSE) -> Ot | F10: Burton | G10: =VLOOKUP(F10,'Listes Inventaire'!H:I,2,FALSE) -> Bur | H10: Lamp | I10: 0 | J10: Lampe examen Halogen spot | K10: 1 | L10: 1 | M10: u | N10: 0 | O10: 0 | P10: 0 | Q10: - | R10: 1595 | S10: 0 | T10: 0
B11: =IF(AND(ISBLANK($C11),ISBLANK($E11),ISBLANK($G11),ISBLANK($H11)),"",IF(OR(ISBLANK($C11),ISBLANK($E11),ISBLANK($G11),ISBLANK($H11)),"Missing Info",$C11&"-"&TEXT($E11,"0000")&"-"&TEXT($G11,"0000")&"-"&TEXT($H11,"000"))) -> DP-Ds-Com-LpQcGenDefib | C11: DP | D11: Defib. Supply | E11: =VLOOKUP(D11,'Listes Inventaire'!E4:F18,2,FALSE) -> Ds | F11: Commed | G11: =VLOOKUP(F11,'Listes Inventaire'!H:I,2,FALSE) -> Com | H11: LpQcGenDefib | I11: 0 | J11: Quik-Combo defib electrodes (padpro) | K11: 0 | L11: 9 | M11: nbox
B12: =IF(AND(ISBLANK($C12),ISBLANK($E12),ISBLANK($G12),ISBLANK($H12)),"",IF(OR(ISBLANK($C12),ISBLANK($E12),ISBLANK($G12),ISBLANK($H12)),"Missing Info",$C12&"-"&TEXT($E12,"0000")&"-"&TEXT($G12,"0000")&"-"&TEXT($H12,"000"))) -> JMD-Sm-DNI-214b | C12: JMD | D12: Simulator | E12: =VLOOKUP(D12,'Listes Inventaire'!E4:F18,2,FALSE) -> Sm | F12: DNI Nevada Inc | G12: =VLOOKUP(F12,'Listes Inventaire'!H:I,2,FALSE) -> DNI | H12: 214b | I12: 214B | J12: Patient Vital Signs Simulator 214B | K12: 1 | L12: 1 | M12: u | N12: 737 | O12: 150 | Q12: - | R12: 0 | S12: Inv,Zoll 23022015 | T12: 0
B13: =IF(AND(ISBLANK($C13),ISBLANK($E13),ISBLANK($G13),ISBLANK($H13)),"",IF(OR(ISBLANK($C13),ISBLANK($E13),ISBLANK($G13),ISBLANK($H13)),"Missing Info",$C13&"-"&TEXT($E13,"0000")&"-"&TEXT($G13,"0000")&"-"&TEXT($H13,"000"))) -> DP-Md-Ifo-UsbAd | C13: DP | D13: medical | E13: =VLOOKUP(D13,'Listes Inventaire'!E4:F18,2,FALSE) -> Md | F13: I Foundry | G13: =VLOOKUP(F13,'Listes Inventaire'!H:I,2,FALSE) -> Ifo | H13: UsbAd | I13: 3202608-002 | J13: IrDA FIR USB Adapter | K13: 1 | L13: 1 | M13: demo | O13: 50 | Q13: -
B14: =IF(AND(ISBLANK($C14),ISBLANK($E14),ISBLANK($G14),ISBLANK($H14)),"",IF(OR(ISBLANK($C14),ISBLANK($E14),ISBLANK($G14),ISBLANK($H14)),"Missing Info",$C14&"-"&TEXT($E14,"0000")&"-"&TEXT($G14,"0000")&"-"&TEXT($H14,"000"))) -> DP-De-Lear-H4000 | C14: DP | D14: Defib. Equip | E14: =VLOOKUP(D14,'Listes Inventaire'!E4:F18,2,FALSE) -> De | F14: Leardeal | G14: =VLOOKUP(F14,'Listes Inventaire'!H:I,2,FALSE) -> Lear | H14: H4000 | I14: M5500B | J14: Heartstart 4000 model / opt ABA | K14: 1 | L14: 1 | M14: u
B15: =IF(AND(ISBLANK($C15),ISBLANK($E15),ISBLANK($G15),ISBLANK($H15)),"",IF(OR(ISBLANK($C15),ISBLANK($E15),ISBLANK($G15),ISBLANK($H15)),"Missing Info",$C15&"-"&TEXT($E15,"0000")&"-"&TEXT($G15,"0000")&"-"&TEXT($H15,"000"))) -> CC-ECG-Marq-ECG12PcMac | C15: CC | D15: ECG equipment | E15: =VLOOKUP(D15,'Listes Inventaire'!E4:F18,2,FALSE) -> ECG | F15: Marquette | G15: =VLOOKUP(F15,'Listes Inventaire'!H:I,2,FALSE) -> Marq | H15: ECG12PcMac | I15: 10368-385 | J15: 12 leads ECG, MAC PC | K15: 1 | L15: 1 | M15: demo | Q15: -
B16: =IF(AND(ISBLANK($C16),ISBLANK($E16),ISBLANK($G16),ISBLANK($H16)),"",IF(OR(ISBLANK($C16),ISBLANK($E16),ISBLANK($G16),ISBLANK($H16)),"Missing Info",$C16&"-"&TEXT($E16,"0000")&"-"&TEXT($G16,"0000")&"-"&TEXT($H16,"000"))) -> JMD-O2-Masi-Mnci-2 | C16: JMD | D16: Supply SPO2 | E16: =VLOOKUP(D16,'Listes Inventaire'!E4:F18,2,FALSE) -> O2 | F16: MasimoSET | G16: =VLOOKUP(F16,'Listes Inventaire'!H:I,2,FALSE) -> Masi | H16: Mnci-2 | I16: MNC-I | J16: MasimoSet - Adaptor Cable (Nell-Masimo) MNC-I | K16: 1 | L16: 1 | M16: D | N16: 300 | O16: 200 | P16: 500 | Q16: - | R16: 0 | S16: 0 | T16: 0
B17: =IF(AND(ISBLANK($C17),ISBLANK($E17),ISBLANK($G17),ISBLANK($H17)),"",IF(OR(ISBLANK($C17),ISBLANK($E17),ISBLANK($G17),ISBLANK($H17)),"Missing Info",$C17&"-"&TEXT($E17,"0000")&"-"&TEXT($G17,"0000")&"-"&TEXT($H17,"000"))) -> DP-O2-Masi-Rcdi | C17: DP | D17: Supply SPO2 | E17: =VLOOKUP(D17,'Listes Inventaire'!E4:F18,2,FALSE) -> O2 | F17: MasimoSET | G17: =VLOOKUP(F17,'Listes Inventaire'!H:I,2,FALSE) -> Masi | H17: Rcdi | I17: R-DCI | J17: MasimoSet - Adult SpO2 , SPCO, SPMET | L17: 1 | M17: N | N17: 532.5 | O17: 0 | P17: 1065 | Q17: - | R17: 0 | S17: Inv,Zoll 23022015 | T17: 0
B18: =IF(AND(ISBLANK($C18),ISBLANK($E18),ISBLANK($G18),ISBLANK($H18)),"",IF(OR(ISBLANK($C18),ISBLANK($E18),ISBLANK($G18),ISBLANK($H18)),"Missing Info",$C18&"-"&TEXT($E18,"0000")&"-"&TEXT($G18,"0000")&"-"&TEXT($H18,"000"))) -> DP-O2-Masi-RcdiRC4 | C18: DP | D18: Supply SPO2 | E18: =VLOOKUP(D18,'Listes Inventaire'!E4:F18,2,FALSE) -> O2 | F18: MasimoSET | G18: =VLOOKUP(F18,'Listes Inventaire'!H:I,2,FALSE) -> Masi | H18: RcdiRC4 | I18: R-DCI/RC-4 | J18: MasimoSet - Adult SpO2 , SPCO, SPMET + pt cable | L18: 2 | M18: U | N18: 600 | O18: 0 | P18: 0 | Q18: - | R18: 0 | S18: 0 | T18: 0
B19: =IF(AND(ISBLANK($C19),ISBLANK($E19),ISBLANK($G19),ISBLANK($H19)),"",IF(OR(ISBLANK($C19),ISBLANK($E19),ISBLANK($G19),ISBLANK($H19)),"Missing Info",$C19&"-"&TEXT($E19,"0000")&"-"&TEXT($G19,"0000")&"-"&TEXT($H19,"000"))) -> JMD-O2-Masi-LNCS-demo | C19: JMD | D19: Supply SPO2 | E19: =VLOOKUP(D19,'Listes Inventaire'!E4:F18,2,FALSE) -> O2 | F19: MasimoSET | G19: =VLOOKUP(F19,'Listes Inventaire'!H:I,2,FALSE) -> Masi | H19: LNCS-demo | I19: M-LNCS DCI | J19: MasimoSet - Adult SpO2 sensor (masimo flat connector) | K19: 2 | L19: 2 | M19: N | N19: 200 | O19: 67.5 | P19: 2275 | Q19: - | R19: 0 | S19: Inv,Zoll 23022015 | T19: 0
B20: =IF(AND(ISBLANK($C20),ISBLANK($E20),ISBLANK($G20),ISBLANK($H20)),"",IF(OR(ISBLANK($C20),ISBLANK($E20),ISBLANK($G20),ISBLANK($H20)),"Missing Info",$C20&"-"&TEXT($E20,"0000")&"-"&TEXT($G20,"0000")&"-"&TEXT($H20,"000"))) -> JMD-O2-Masi-Lncs-Dci | C20: JMD | D20: Supply SPO2 | E20: =VLOOKUP(D20,'Listes Inventaire'!E4:F18,2,FALSE) -> O2 | F20: MasimoSET | G20: =VLOOKUP(F20,'Listes Inventaire'!H:I,2,FALSE) -> Masi | H20: Lncs-Dci | I20: LNCS-DCI | J20: MasimoSet - Adult SpO2 sensor + 48" extension LNCS-DCI | K20: 2 | L20: 2 | M20: U | N20: 200 | O20: 150 | P20: 540 | Q20: - | R20: 1750 | S20: chez Peter Yaffi | T20: 0
B21: =IF(AND(ISBLANK($C21),ISBLANK($E21),ISBLANK($G21),ISBLANK($H21)),"",IF(OR(ISBLANK($C21),ISBLANK($E21),ISBLANK($G21),ISBLANK($H21)),"Missing Info",$C21&"-"&TEXT($E21,"0000")&"-"&TEXT($G21,"0000")&"-"&TEXT($H21,"000"))) -> DP-O2-Masi-Lncs-Inf | C21: DP | D21: Supply SPO2 | E21: =VLOOKUP(D21,'Listes Inventaire'!E4:F18,2,FALSE) -> O2 | F21: MasimoSET | G21: =VLOOKUP(F21,'Listes Inventaire'!H:I,2,FALSE) -> Masi | H21: Lncs-Inf | I21: LNCS-INF | J21: MasimoSet - LNCS Infant SpO2 Adhesive sensor | K21: 9 | L21: 10 | M21: N | N21: 275 | O21: 0 | P21: 135 | Q21: - | R21: 0 | S21: Inv,Zoll 23022015 | T21: 0
B22: =IF(AND(ISBLANK($C22),ISBLANK($E22),ISBLANK($G22),ISBLANK($H22)),"",IF(OR(ISBLANK($C22),ISBLANK($E22),ISBLANK($G22),ISBLANK($H22)),"Missing Info",$C22&"-"&TEXT($E22,"0000")&"-"&TEXT($G22,"0000")&"-"&TEXT($H22,"000"))) -> DP-O2-Masi-Lncs | C22: DP | D22: Supply SPO2 | E22: =VLOOKUP(D22,'Listes Inventaire'!E:F,2,FALSE) -> O2 | F22: MasimoSet | G22: =VLOOKUP(F22,'Listes Inventaire'!H:I,2,FALSE) -> Masi | H22: Lncs | J22: MasimoSet - LNCS SpO2 Sensor Adult 48" | K22: 4 | L22: 4 | M22: U | N22: 225 | O22: 150 | P22: 300 | Q22: -
B23: =IF(AND(ISBLANK($C23),ISBLANK($E23),ISBLANK($G23),ISBLANK($H23)),"",IF(OR(ISBLANK($C23),ISBLANK($E23),ISBLANK($G23),ISBLANK($H23)),"Missing Info",$C23&"-"&TEXT($E23,"0000")&"-"&TEXT($G23,"0000")&"-"&TEXT($H23,"000"))) -> DP-O2-Masi-Lncs-4 | C23: DP | D23: Supply SPO2 | E23: =VLOOKUP(D23,'Listes Inventaire'!E:F,2,FALSE) -> O2 | F23: MasimoSet | G23: =VLOOKUP(F23,'Listes Inventaire'!H:I,2,FALSE) -> Masi | H23: Lncs-4 | I23: 11171-000024 | J23: MasimoSet - LNCS-4-EXT Patient Cable | K23: 3 | L23: 3 | M23: N | N23: 175 | O23: 100 | P23: 202 | Q23: -
B24: =IF(AND(ISBLANK($C24),ISBLANK($E24),ISBLANK($G24),ISBLANK($H24)),"",IF(OR(ISBLANK($C24),ISBLANK($E24),ISBLANK($G24),ISBLANK($H24)),"Missing Info",$C24&"-"&TEXT($E24,"0000")&"-"&TEXT($G24,"0000")&"-"&TEXT($H24,"000"))) -> DP-O2-Masi-Lncs-4E | C24: DP | D24: Supply SPO2 | E24: =VLOOKUP(D24,'Listes Inventaire'!E:F,2,FALSE) -> O2 | F24: MasimoSet | G24: =VLOOKUP(F24,'Listes Inventaire'!H:I,2,FALSE) -> Masi | H24: Lncs-4E | I24: 11171-000027 | J24: MasimoSet - LNCS-4-EXT Patient Cable Extension | K24: 1 | L24: 1 | M24: N | N24: 175 | O24: 100 | P24: 202 | Q24: -
B25: =IF(AND(ISBLANK($C25),ISBLANK($E25),ISBLANK($G25),ISBLANK($H25)),"",IF(OR(ISBLANK($C25),ISBLANK($E25),ISBLANK($G25),ISBLANK($H25)),"Missing Info",$C25&"-"&TEXT($E25,"0000")&"-"&TEXT($G25,"0000")&"-"&TEXT($H25,"000"))) -> JMD-O2-Masi-LNCS-m | C25: JMD | D25: Supply SPO2 | E25: =VLOOKUP(D25,'Listes Inventaire'!E4:F18,2,FALSE) -> O2 | F25: MasimoSET | G25: =VLOOKUP(F25,'Listes Inventaire'!H:I,2,FALSE) -> Masi | H25: LNCS-m | I25: LNCS-DCI | J25: MasimoSet - LNCS-DCI Adult SpO2 sensor | K25: 1 | L25: 1 | M25: N | N25: 132.5 | O25: 0 | P25: 175 | Q25: - | R25: 0 | S25: Inv,Zoll 23022015 | T25: 0
B26: =IF(AND(ISBLANK($C26),ISBLANK($E26),ISBLANK($G26),ISBLANK($H26)),"",IF(OR(ISBLANK($C26),ISBLANK($E26),ISBLANK($G26),ISBLANK($H26)),"Missing Info",$C26&"-"&TEXT($E26,"0000")&"-"&TEXT($G26,"0000")&"-"&TEXT($H26,"000"))) -> JMD-O2-Masi-DCIP | C26: JMD | D26: Supply SPO2 | E26: =VLOOKUP(D26,'Listes Inventaire'!E4:F18,2,FALSE) -> O2 | F26: MasimoSET | G26: =VLOOKUP(F26,'Listes Inventaire'!H:I,2,FALSE) -> Masi | H26: DCIP | I26: LNCS-DCIP | J26: MasimoSet - LNCS-DCIP Pediatric SpO2 sensor | K26: 2 | L26: 1 | M26: N | N26: 87.5 | O26: 0 | P26: 265 | Q26: - | R26: 0 | S26: Inv,Zoll 23022015 | T26: 0
B27: =IF(AND(ISBLANK($C27),ISBLANK($E27),ISBLANK($G27),ISBLANK($H27)),"",IF(OR(ISBLANK($C27),ISBLANK($E27),ISBLANK($G27),ISBLANK($H27)),"Missing Info",$C27&"-"&TEXT($E27,"0000")&"-"&TEXT($G27,"0000")&"-"&TEXT($H27,"000"))) -> JMD-O2-Masi-R-DcipDc3 | C27: JMD | D27: Supply SPO2 | E27: =VLOOKUP(D27,'Listes Inventaire'!E4:F18,2,FALSE) -> O2 | F27: MasimoSET | G27: =VLOOKUP(F27,'Listes Inventaire'!H:I,2,FALSE) -> Masi | H27: R-DcipDc3 | I27: DCIP-DC3 | J27: MasimoSet - Rainbow DCIP-DC3 (Pedi. SpO2-SpCO-SpMet) | K27: 1 | L27: 1 | M27: Demo | N27: 67.5 | O27: 0 | P27: 550 | Q27: - | R27: 0 | S27: Inv,Zoll 23022015 | T27: 0
B28: =IF(AND(ISBLANK($C28),ISBLANK($E28),ISBLANK($G28),ISBLANK($H28)),"",IF(OR(ISBLANK($C28),ISBLANK($E28),ISBLANK($G28),ISBLANK($H28)),"Missing Info",$C28&"-"&TEXT($E28,"0000")&"-"&TEXT($G28,"0000")&"-"&TEXT($H28,"000"))) -> DP-O2-Masi-RC4 | C28: DP | D28: Supply SPO2 | E28: =VLOOKUP(D28,'Listes Inventaire'!E4:F18,2,FALSE) -> O2 | F28: MasimoSET | G28: =VLOOKUP(F28,'Listes Inventaire'!H:I,2,FALSE) -> Masi | H28: RC4 | I28: RC-4 | J28: MasimoSet - Rainbow pt cable | L28: 8 | M28: nbox | N28: 187.5 | O28: 75 | P28: 375 | Q28: - | R28: 0 | S28: Inv,Zoll 23022015 | T28: 0
B29: =IF(AND(ISBLANK($C29),ISBLANK($E29),ISBLANK($G29),ISBLANK($H29)),"",IF(OR(ISBLANK($C29),ISBLANK($E29),ISBLANK($G29),ISBLANK($H29)),"Missing Info",$C29&"-"&TEXT($E29,"0000")&"-"&TEXT($G29,"0000")&"-"&TEXT($H29,"000"))) -> JMD-O2-Masi-Mnci-1 | C29: JMD | D29: Supply SPO2 | E29: =VLOOKUP(D29,'Listes Inventaire'!E4:F18,2,FALSE) -> O2 | F29: MasimoSET | G29: =VLOOKUP(F29,'Listes Inventaire'!H:I,2,FALSE) -> Masi | H29: Mnci-1 | I29: MNC-I | J29: MasimoSet -Adaptor Cable (Nellcor-Masimo) MNC-I | K29: 1 | L29: 0 | M29: Demo | N29: 300 | O29: 200 | P29: 500 | Q29: - | R29: 0 | S29: 0 | T29: 0
B30: =IF(AND(ISBLANK($C30),ISBLANK($E30),ISBLANK($G30),ISBLANK($H30)),"",IF(OR(ISBLANK($C30),ISBLANK($E30),ISBLANK($G30),ISBLANK($H30)),"Missing Info",$C30&"-"&TEXT($E30,"0000")&"-"&TEXT($G30,"0000")&"-"&TEXT($H30,"000"))) -> DP-De-MeaS-M4400 | C30: DP | D30: Defib. Equip | E30: =VLOOKUP(D30,'Listes Inventaire'!E4:F18,2,FALSE) -> De | F30: measurments specialties | G30: =VLOOKUP(F30,'Listes Inventaire'!H:I,2,FALSE) -> MeaS | H30: M4400 | I30: 3306868 | J30: MEAS 4400 Series Temperature Probe / Expired for training only | L30: 17 | M30: exp
B31: =IF(AND(ISBLANK($C31),ISBLANK($E31),ISBLANK($G31),ISBLANK($H31)),"",IF(OR(ISBLANK($C31),ISBLANK($E31),ISBLANK($G31),ISBLANK($H31)),"Missing Info",$C31&"-"&TEXT($E31,"0000")&"-"&TEXT($G31,"0000")&"-"&TEXT($H31,"000"))) -> DP-O2-Nell-ASP3 | C31: DP | D31: Supply SPO2 | E31: =VLOOKUP(D31,'Listes Inventaire'!E4:F18,2,FALSE) -> O2 | F31: Nellcor | G31: =VLOOKUP(F31,'Listes Inventaire'!H:I,2,FALSE) -> Nell | H31: ASP3 | I31: ASP-3 | J31: Oxisensor II (kit: 2x D-25/1x D-25L) | K31: 3 | L31: 5 | M31: nbox | N31: 25 | O31: 10 | P31: 75 | Q31: - | R31: 0 | S31: 0 | T31: 0
B32: =IF(AND(ISBLANK($C32),ISBLANK($E32),ISBLANK($G32),ISBLANK($H32)),"",IF(OR(ISBLANK($C32),ISBLANK($E32),ISBLANK($G32),ISBLANK($H32)),"Missing Info",$C32&"-"&TEXT($E32,"0000")&"-"&TEXT($G32,"0000")&"-"&TEXT($H32,"000"))) -> DP-O2-Nell-D25 | C32: DP | D32: Supply SPO2 | E32: =VLOOKUP(D32,'Listes Inventaire'!E4:F18,2,FALSE) -> O2 | F32: Nellcor | G32: =VLOOKUP(F32,'Listes Inventaire'!H:I,2,FALSE) -> Nell | H32: D25 | I32: D-25 | J32: Oxisensor II D-25 (single unit) | K32: 3 | L32: 5 | M32: nbox | N32: 15 | O32: 5 | P32: 35 | Q32: - | R32: 0 | S32: chez Peter Yaffi | T32: 0
B33: =IF(AND(ISBLANK($C33),ISBLANK($E33),ISBLANK($G33),ISBLANK($H33)),"",IF(OR(ISBLANK($C33),ISBLANK($E33),ISBLANK($G33),ISBLANK($H33)),"Missing Info",$C33&"-"&TEXT($E33,"0000")&"-"&TEXT($G33,"0000")&"-"&TEXT($H33,"000"))) -> DP-O2-Nell-DEC | C33: DP | D33: Supply SPO2 | E33: =VLOOKUP(D33,'Listes Inventaire'!E4:F18,2,FALSE) -> O2 | F33: Nellcor | G33: =VLOOKUP(F33,'Listes Inventaire'!H:I,2,FALSE) -> Nell | H33: DEC | I33: DEC-4 | J33: Sensor Extension Cable DEC-4 | K33: 6 | L33: 5 | M33: nbox | N33: 45 | O33: 31.5 | P33: 65 | Q33: - | R33: 0 | S33: chez Peter Yaffi | T33: 0
B34: =IF(AND(ISBLANK($C34),ISBLANK($E34),ISBLANK($G34),ISBLANK($H34)),"",IF(OR(ISBLANK($C34),ISBLANK($E34),ISBLANK($G34),ISBLANK($H34)),"Missing Info",$C34&"-"&TEXT($E34,"0000")&"-"&TEXT($G34,"0000")&"-"&TEXT($H34,"000"))) -> DP-De-PhyC-Lp5cBA-1 | C34: DP | D34: Defib. Equip | E34: =VLOOKUP(D34,'Listes Inventaire'!E:F,2,FALSE) -> De | F34: Physio Control | G34: =VLOOKUP(F34,'Listes Inventaire'!H:I,2,FALSE) -> PhyC | H34: Lp5cBA-1 | J34: Ach - Lifepak 500 Biphasique Anglais | K34: 1 | L34: 1 | M34: u
B35: =IF(AND(ISBLANK($C35),ISBLANK($E35),ISBLANK($G35),ISBLANK($H35)),"",IF(OR(ISBLANK($C35),ISBLANK($E35),ISBLANK($G35),ISBLANK($H35)),"Missing Info",$C35&"-"&TEXT($E35,"0000")&"-"&TEXT($G35,"0000")&"-"&TEXT($H35,"000"))) -> DP-De-PhyC-Lp5cBF-1 | C35: DP | D35: Defib. Equip | E35: =VLOOKUP(D35,'Listes Inventaire'!E:F,2,FALSE) -> De | F35: Physio Control | G35: =VLOOKUP(F35,'Listes Inventaire'!H:I,2,FALSE) -> PhyC | H35: Lp5cBF-1 | J35: Ach - Lifepak 500 Biphasique Français | K35: 1 | L35: 1 | M35: u
B36: =IF(AND(ISBLANK($C36),ISBLANK($E36),ISBLANK($G36),ISBLANK($H36)),"",IF(OR(ISBLANK($C36),ISBLANK($E36),ISBLANK($G36),ISBLANK($H36)),"Missing Info",$C36&"-"&TEXT($E36,"0000")&"-"&TEXT($G36,"0000")&"-"&TEXT($H36,"000"))) -> DP-De-PhyC-Lp5cMA-1 | C36: DP | D36: Defib. Equip | E36: =VLOOKUP(D36,'Listes Inventaire'!E:F,2,FALSE) -> De | F36: Physio Control | G36: =VLOOKUP(F36,'Listes Inventaire'!H:I,2,FALSE) -> PhyC | H36: Lp5cMA-1 | J36: Ach - Lifepak 500 Monophasique Anglais | K36: 1 | L36: 1 | M36: U
B37: =IF(AND(ISBLANK($C37),ISBLANK($E37),ISBLANK($G37),ISBLANK($H37)),"",IF(OR(ISBLANK($C37),ISBLANK($E37),ISBLANK($G37),ISBLANK($H37)),"Missing Info",$C37&"-"&TEXT($E37,"0000")&"-"&TEXT($G37,"0000")&"-"&TEXT($H37,"000"))) -> DP-De-PhyC-Lp5cMF-1 | C37: DP | D37: Defib. Equip | E37: =VLOOKUP(D37,'Listes Inventaire'!E:F,2,FALSE) -> De | F37: Physio Control | G37: =VLOOKUP(F37,'Listes Inventaire'!H:I,2,FALSE) -> PhyC | H37: Lp5cMF-1 | J37: Ach- Lifepak 500 Monophasique Français | K37: 1 | L37: 1 | M37: u
B38: =IF(AND(ISBLANK($C38),ISBLANK($E38),ISBLANK($G38),ISBLANK($H38)),"",IF(OR(ISBLANK($C38),ISBLANK($E38),ISBLANK($G38),ISBLANK($H38)),"Missing Info",$C38&"-"&TEXT($E38,"0000")&"-"&TEXT($G38,"0000")&"-"&TEXT($H38,"000"))) -> DP-Ds-PhyC-Strap | C38: DP | D38: Defib. Supply | E38: =VLOOKUP(D38,'Listes Inventaire'!E4:F18,2,FALSE) -> Ds | F38: Physio Control | G38: =VLOOKUP(F38,'Listes Inventaire'!H:I,2,FALSE) -> PhyC | H38: Strap | I38: 11220-000030 | J38: Bandouilière de remplacement | L38: 1 | M38: u
B39: =IF(AND(ISBLANK($C39),ISBLANK($E39),ISBLANK($G39),ISBLANK($H39)),"",IF(OR(ISBLANK($C39),ISBLANK($E39),ISBLANK($G39),ISBLANK($H39)),"Missing Info",$C39&"-"&TEXT($E39,"0000")&"-"&TEXT($G39,"0000")&"-"&TEXT($H39,"000"))) -> DP-Ds-PhyC-LpBss2 | C39: DP | D39: Defib. Supply | E39: =VLOOKUP(D39,'Listes Inventaire'!E4:F18,2,FALSE) -> Ds | F39: Physio Control | G39: =VLOOKUP(F39,'Listes Inventaire'!H:I,2,FALSE) -> PhyC | H39: LpBss2 | I39: VBSS2-02-000009 | J39: Battery Support System BSS-2 | K39: 6 | L39: 7 | M39: u
B40: =IF(AND(ISBLANK($C40),ISBLANK($E40),ISBLANK($G40),ISBLANK($H40)),"",IF(OR(ISBLANK($C40),ISBLANK($E40),ISBLANK($G40),ISBLANK($H40)),"Missing Info",$C40&"-"&TEXT($E40,"0000")&"-"&TEXT($G40,"0000")&"-"&TEXT($H40,"000"))) -> DP-Ds-PhyC-FiltLine | C40: DP | D40: Defib. Supply | E40: =VLOOKUP(D40,'Listes Inventaire'!E4:F18,2,FALSE) -> Ds | F40: Physio Control | G40: =VLOOKUP(F40,'Listes Inventaire'!H:I,2,FALSE) -> PhyC | H40: FiltLine | I40: 11996-000081 | J40: FilterLine set adult-pediatric CO2 sampling line & airway adaptor | K40: 37 | L40: 7 | M40: n
B41: =IF(AND(ISBLANK($C41),ISBLANK($E41),ISBLANK($G41),ISBLANK($H41)),"",IF(OR(ISBLANK($C41),ISBLANK($E41),ISBLANK($G41),ISBLANK($H41)),"Missing Info",$C41&"-"&TEXT($E41,"0000")&"-"&TEXT($G41,"0000")&"-"&TEXT($H41,"000"))) -> DP-Ds-PhyC-LpFpBasicSm | C41: DP | D41: Defib. Supply | E41: =VLOOKUP(D41,'Listes Inventaire'!E:F,2,FALSE) -> Ds | F41: Physio Control | G41: =VLOOKUP(F41,'Listes Inventaire'!H:I,2,FALSE) -> PhyC | H41: LpFpBasicSm | J41: Lifepak - Fast-Patch Basic Patient simulator | L41: 2 | M41: U
B42: =IF(AND(ISBLANK($C42),ISBLANK($E42),ISBLANK($G42),ISBLANK($H42)),"",IF(OR(ISBLANK($C42),ISBLANK($E42),ISBLANK($G42),ISBLANK($H42)),"Missing Info",$C42&"-"&TEXT($E42,"0000")&"-"&TEXT($G42,"0000")&"-"&TEXT($H42,"000"))) -> DP-Ds-PhyC-LpQcBasicSm | C42: DP | D42: Defib. Supply | E42: =VLOOKUP(D42,'Listes Inventaire'!E:F,2,FALSE) -> Ds | F42: Physio Control | G42: =VLOOKUP(F42,'Listes Inventaire'!H:I,2,FALSE) -> PhyC | H42: LpQcBasicSm | J42: Lifepak - Quik-Combo Basic Patient Simulator | K42: 1 | L42: 2 | M42: U
B43: =IF(AND(ISBLANK($C43),ISBLANK($E43),ISBLANK($G43),ISBLANK($H43)),"",IF(OR(ISBLANK($C43),ISBLANK($E43),ISBLANK($G43),ISBLANK($H43)),"Missing Info",$C43&"-"&TEXT($E43,"0000")&"-"&TEXT($G43,"0000")&"-"&TEXT($H43,"000"))) -> UK-Ds-PhyC-Lp10kit002 | C43: UK | D43: Defib. Supply | E43: =VLOOKUP(D43,'Listes Inventaire'!E4:F18,2,FALSE) -> Ds | F43: Physio Control | G43: =VLOOKUP(F43,'Listes Inventaire'!H:I,2,FALSE) -> PhyC | H43: Lp10kit002 | I43: 804200-38 | J43: Lifepak 10 + module 12 dérivations + tr. Case (no printer / no batt) | L43: 1 | M43: u | N43: 300 | Q43: -
B44: =IF(AND(ISBLANK($C44),ISBLANK($E44),ISBLANK($G44),ISBLANK($H44)),"",IF(OR(ISBLANK($C44),ISBLANK($E44),ISBLANK($G44),ISBLANK($H44)),"Missing Info",$C44&"-"&TEXT($E44,"0000")&"-"&TEXT($G44,"0000")&"-"&TEXT($H44,"000"))) -> UK-Ds-PhyC-Lp10kit001 | C44: UK | D44: Defib. Supply | E44: =VLOOKUP(D44,'Listes Inventaire'!E4:F18,2,FALSE) -> Ds | F44: Physio Control | G44: =VLOOKUP(F44,'Listes Inventaire'!H:I,2,FALSE) -> PhyC | H44: Lp10kit001 | I44: 804200-38 | J44: Lifepak 10 + module 12 dérivations + transport case (no batt) | L44: 1 | M44: u | N44: 500 | Q44: -
B45: =IF(AND(ISBLANK($C45),ISBLANK($E45),ISBLANK($G45),ISBLANK($H45)),"",IF(OR(ISBLANK($C45),ISBLANK($E45),ISBLANK($G45),ISBLANK($H45)),"Missing Info",$C45&"-"&TEXT($E45,"0000")&"-"&TEXT($G45,"0000")&"-"&TEXT($H45,"000"))) -> UK-Ds-PhyC-Lp10kit003 | C45: UK | D45: Defib. Supply | E45: =VLOOKUP(D45,'Listes Inventaire'!E4:F18,2,FALSE) -> Ds | F45: Physio Control | G45: =VLOOKUP(F45,'Listes Inventaire'!H:I,2,FALSE) -> PhyC | H45: Lp10kit003 | I45: 804200-38 | J45: Lifepak 10 + module 12 dérivations + transport case (no batt) | L45: 1 | M45: u | N45: 500 | Q45: -
B46: =IF(AND(ISBLANK($C46),ISBLANK($E46),ISBLANK($G46),ISBLANK($H46)),"",IF(OR(ISBLANK($C46),ISBLANK($E46),ISBLANK($G46),ISBLANK($H46)),"Missing Info",$C46&"-"&TEXT($E46,"0000")&"-"&TEXT($G46,"0000")&"-"&TEXT($H46,"000"))) -> JMD-Ds-PhyC-Lp10Chg | C46: JMD | D46: Defib. Supply | E46: =VLOOKUP(D46,'Listes Inventaire'!E4:F18,2,FALSE) -> Ds | F46: Physio Control | G46: =VLOOKUP(F46,'Listes Inventaire'!H:I,2,FALSE) -> PhyC | H46: Lp10Chg | I46: 804217-00 | J46: Lifepak 10 Chargeur | K46: 3 | L46: 3 | M46: u | N46: 0 | O46: 0 | P46: 0 | Q46: - | R46: 0 | S46: 0 | T46: 0
B47: =IF(AND(ISBLANK($C47),ISBLANK($E47),ISBLANK($G47),ISBLANK($H47)),"",IF(OR(ISBLANK($C47),ISBLANK($E47),ISBLANK($G47),ISBLANK($H47)),"Missing Info",$C47&"-"&TEXT($E47,"0000")&"-"&TEXT($G47,"0000")&"-"&TEXT($H47,"000"))) -> DP-Md-PhyC-Lp10PrKey | C47: DP | D47: medical | E47: =VLOOKUP(D47,'Listes Inventaire'!E4:F18,2,FALSE) -> Md | F47: Physio Control | G47: =VLOOKUP(F47,'Listes Inventaire'!H:I,2,FALSE) -> PhyC | H47: Lp10PrKey | J47: Lifepak 10 programming key | K47: 4 | L47: 4 | Q47: -
B48: =IF(AND(ISBLANK($C48),ISBLANK($E48),ISBLANK($G48),ISBLANK($H48)),"",IF(OR(ISBLANK($C48),ISBLANK($E48),ISBLANK($G48),ISBLANK($H48)),"Missing Info",$C48&"-"&TEXT($E48,"0000")&"-"&TEXT($G48,"0000")&"-"&TEXT($H48,"000"))) -> JMD-Ds-PhyC-LpM3LCb | C48: JMD | D48: Defib. Supply | E48: =VLOOKUP(D48,'Listes Inventaire'!E4:F18,2,FALSE) -> Ds | F48: Physio Control | G48: =VLOOKUP(F48,'Listes Inventaire'!H:I,2,FALSE) -> PhyC | H48: LpM3LCb | I48: 0 | J48: Lifepak 1000 3 Lead ECG Cable | K48: 7 | L48: 7 | M48: nbox | N48: 224 | O48: 50 | P48: 0 | Q48: - | R48: 60 us | S48: 0 | T48: 0
B49: =IF(AND(ISBLANK($C49),ISBLANK($E49),ISBLANK($G49),ISBLANK($H49)),"",IF(OR(ISBLANK($C49),ISBLANK($E49),ISBLANK($G49),ISBLANK($H49)),"Missing Info",$C49&"-"&TEXT($E49,"0000")&"-"&TEXT($G49,"0000")&"-"&TEXT($H49,"000"))) -> DP-Ds-PhyC-LpM5Lcb | C49: DP | D49: Defib. Supply | E49: =VLOOKUP(D49,'Listes Inventaire'!E4:F18,2,FALSE) -> Ds | F49: Physio Control | G49: =VLOOKUP(F49,'Listes Inventaire'!H:I,2,FALSE) -> PhyC | H49: LpM5Lcb | I49: 11110-000066 | J49: Lifepak 1000 Cable ECG 5 lead | L49: 2 | M49: nbox
B50: =IF(AND(ISBLANK($C50),ISBLANK($E50),ISBLANK($G50),ISBLANK($H50)),"",IF(OR(ISBLANK($C50),ISBLANK($E50),ISBLANK($G50),ISBLANK($H50)),"Missing Info",$C50&"-"&TEXT($E50,"0000")&"-"&TEXT($G50,"0000")&"-"&TEXT($H50,"000"))) -> DP-Ds-PhyC-LpMCblPouN | C50: DP | D50: Defib. Supply | E50: =VLOOKUP(D50,'Listes Inventaire'!E4:F18,2,FALSE) -> Ds | F50: Physio Control | G50: =VLOOKUP(F50,'Listes Inventaire'!H:I,2,FALSE) -> PhyC | H50: LpMCblPouN | I50: 0 | J50: Lifepak 1000 Cable Pouch | K50: 5 | L50: 5 | M50: nbox
B51: =IF(AND(ISBLANK($C51),ISBLANK($E51),ISBLANK($G51),ISBLANK($H51)),"",IF(OR(ISBLANK($C51),ISBLANK($E51),ISBLANK($G51),ISBLANK($H51)),"Missing Info",$C51&"-"&TEXT($E51,"0000")&"-"&TEXT($G51,"0000")&"-"&TEXT($H51,"000"))) -> DP-Ds-PhyC-LpMCblPouU | C51: DP | D51: Defib. Supply | E51: =VLOOKUP(D51,'Listes Inventaire'!E4:F18,2,FALSE) -> Ds | F51: Physio Control | G51: =VLOOKUP(F51,'Listes Inventaire'!H:I,2,FALSE) -> PhyC | H51: LpMCblPouU | I51: 0 | J51: Lifepak 1000 Cable Pouch | K51: 2 | L51: 2 | M51: u
B52: =IF(AND(ISBLANK($C52),ISBLANK($E52),ISBLANK($G52),ISBLANK($H52)),"",IF(OR(ISBLANK($C52),ISBLANK($E52),ISBLANK($G52),ISBLANK($H52)),"Missing Info",$C52&"-"&TEXT($E52,"0000")&"-"&TEXT($G52,"0000")&"-"&TEXT($H52,"000"))) -> DP-Ds-PhyC-LpMStrap2 | C52: DP | D52: Defib. Supply | E52: =VLOOKUP(D52,'Listes Inventaire'!E4:F18,2,FALSE) -> Ds | F52: Physio Control | G52: =VLOOKUP(F52,'Listes Inventaire'!H:I,2,FALSE) -> PhyC | H52: LpMStrap2 | I52: 0 | J52: Lifepak 1000 Shoulder Strap | K52: 4 | L52: 4 | M52: nbox
B53: =IF(AND(ISBLANK($C53),ISBLANK($E53),ISBLANK($G53),ISBLANK($H53)),"",IF(OR(ISBLANK($C53),ISBLANK($E53),ISBLANK($G53),ISBLANK($H53)),"Missing Info",$C53&"-"&TEXT($E53,"0000")&"-"&TEXT($G53,"0000")&"-"&TEXT($H53,"000"))) -> DP-Ds-PhyC-LpMtrspN | C53: DP | D53: Defib. Supply | E53: =VLOOKUP(D53,'Listes Inventaire'!E4:F18,2,FALSE) -> Ds | F53: Physio Control | G53: =VLOOKUP(F53,'Listes Inventaire'!H:I,2,FALSE) -> PhyC | H53: LpMtrspN | I53: 0 | J53: Lifepak 1000 Transport Case (new) | K53: 3 | L53: 2 | M53: nbox
B54: =IF(AND(ISBLANK($C54),ISBLANK($E54),ISBLANK($G54),ISBLANK($H54)),"",IF(OR(ISBLANK($C54),ISBLANK($E54),ISBLANK($G54),ISBLANK($H54)),"Missing Info",$C54&"-"&TEXT($E54,"0000")&"-"&TEXT($G54,"0000")&"-"&TEXT($H54,"000"))) -> JMD-Ds-PhyC-LpMtrspU | C54: JMD | D54: Defib. Supply | E54: =VLOOKUP(D54,'Listes Inventaire'!E4:F18,2,FALSE) -> Ds | F54: Physio Control | G54: =VLOOKUP(F54,'Listes Inventaire'!H:I,2,FALSE) -> PhyC | H54: LpMtrspU | I54: 0 | J54: Lifepak 1000 Transport Case (used) | K54: 2 | L54: 3 | M54: u | N54: 125 | P54: 0 | Q54: - | R54: 0 | S54: AC Adapt + cables + paper | T54: 2000
B55: =IF(AND(ISBLANK($C55),ISBLANK($E55),ISBLANK($G55),ISBLANK($H55)),"",IF(OR(ISBLANK($C55),ISBLANK($E55),ISBLANK($G55),ISBLANK($H55)),"Missing Info",$C55&"-"&TEXT($E55,"0000")&"-"&TEXT($G55,"0000")&"-"&TEXT($H55,"000"))) -> DP-Ds-PhyC-Lp12-15Pap | C55: DP | D55: Defib. Supply | E55: =VLOOKUP(D55,'Listes Inventaire'!E:F,2,FALSE) -> Ds | F55: Physio Control | G55: =VLOOKUP(F55,'Listes Inventaire'!H:I,2,FALSE) -> PhyC | H55: Lp12-15Pap | I55: 11240-000016 | J55: Lifepak 12 - 15 100mm Printer Paper | K55: 15 | L55: 14 | M55: N
B56: =IF(AND(ISBLANK($C56),ISBLANK($E56),ISBLANK($G56),ISBLANK($H56)),"",IF(OR(ISBLANK($C56),ISBLANK($E56),ISBLANK($G56),ISBLANK($H56)),"Missing Info",$C56&"-"&TEXT($E56,"0000")&"-"&TEXT($G56,"0000")&"-"&TEXT($H56,"000"))) -> DP-Ds-PhyC-Lp12Ecg3 | C56: DP | D56: Defib. Supply | E56: =VLOOKUP(D56,'Listes Inventaire'!E:F,2,FALSE) -> Ds | F56: Physio Control | G56: =VLOOKUP(F56,'Listes Inventaire'!H:I,2,FALSE) -> PhyC | H56: Lp12Ecg3 | I56: 11110-000029 | J56: Lifepak 12 - 3 Lead ECG Cable | L56: 4 | M56: U
B57: =IF(AND(ISBLANK($C57),ISBLANK($E57),ISBLANK($G57),ISBLANK($H57)),"",IF(OR(ISBLANK($C57),ISBLANK($E57),ISBLANK($G57),ISBLANK($H57)),"Missing Info",$C57&"-"&TEXT($E57,"0000")&"-"&TEXT($G57,"0000")&"-"&TEXT($H57,"000"))) -> DP-Ds-PhyC-Lp12Ecg4wire | C57: DP | D57: Defib. Supply | E57: =VLOOKUP(D57,'Listes Inventaire'!E:F,2,FALSE) -> Ds | F57: Physio Control | G57: =VLOOKUP(F57,'Listes Inventaire'!H:I,2,FALSE) -> PhyC | H57: Lp12Ecg4wire | I57: 11110-000102 | J57: Lifepak 12 - 4 Lead ECG Main Trunk Wire Connector | L57: 5 | M57: U & D
B58: =IF(AND(ISBLANK($C58),ISBLANK($E58),ISBLANK($G58),ISBLANK($H58)),"",IF(OR(ISBLANK($C58),ISBLANK($E58),ISBLANK($G58),ISBLANK($H58)),"Missing Info",$C58&"-"&TEXT($E58,"0000")&"-"&TEXT($G58,"0000")&"-"&TEXT($H58,"000"))) -> DP-Ds-PhyC-Lp12Ecg5 | C58: DP | D58: Defib. Supply | E58: =VLOOKUP(D58,'Listes Inventaire'!E:F,2,FALSE) -> Ds | F58: Physio Control | G58: =VLOOKUP(F58,'Listes Inventaire'!H:I,2,FALSE) -> PhyC | H58: Lp12Ecg5 | I58: 11110-000066 | J58: Lifepak 12 - 5 Lead ECG Cable | L58: 1 | M58: U
B59: =IF(AND(ISBLANK($C59),ISBLANK($E59),ISBLANK($G59),ISBLANK($H59)),"",IF(OR(ISBLANK($C59),ISBLANK($E59),ISBLANK($G59),ISBLANK($H59)),"Missing Info",$C59&"-"&TEXT($E59,"0000")&"-"&TEXT($G59,"0000")&"-"&TEXT($H59,"000"))) -> DP-Ds-PhyC-Lp50mmPrint | C59: DP | D59: Defib. Supply | E59: =VLOOKUP(D59,'Listes Inventaire'!E:F,2,FALSE) -> Ds | F59: Physio Control | G59: =VLOOKUP(F59,'Listes Inventaire'!H:I,2,FALSE) -> PhyC | H59: Lp50mmPrint | I59: 804189-00 | J59: Lifepak 12 - 50mm Printer Assembly | L59: 1 | M59: D
B60: =IF(AND(ISBLANK($C60),ISBLANK($E60),ISBLANK($G60),ISBLANK($H60)),"",IF(OR(ISBLANK($C60),ISBLANK($E60),ISBLANK($G60),ISBLANK($H60)),"Missing Info",$C60&"-"&TEXT($E60,"0000")&"-"&TEXT($G60,"0000")&"-"&TEXT($H60,"000"))) -> DP-Ds-PhyC-Lp12AcAdpExt | C60: DP | D60: Defib. Supply | E60: =VLOOKUP(D60,'Listes Inventaire'!E:F,2,FALSE) -> Ds | F60: Physio Control | G60: =VLOOKUP(F60,'Listes Inventaire'!H:I,2,FALSE) -> PhyC | H60: Lp12AcAdpExt | I60: 11110-000051 | J60: Lifepak 12 - Ac Adapter Extension Cord | L60: 13 | M60: D
B61: =IF(AND(ISBLANK($C61),ISBLANK($E61),ISBLANK($G61),ISBLANK($H61)),"",IF(OR(ISBLANK($C61),ISBLANK($E61),ISBLANK($G61),ISBLANK($H61)),"Missing Info",$C61&"-"&TEXT($E61,"0000")&"-"&TEXT($G61,"0000")&"-"&TEXT($H61,"000"))) -> DP-Ds-PhyC-Lp12Ac | C61: DP | D61: Defib. Supply | E61: =VLOOKUP(D61,'Listes Inventaire'!E4:F18,2,FALSE) -> Ds | F61: Physio Control | G61: =VLOOKUP(F61,'Listes Inventaire'!H:I,2,FALSE) -> PhyC | H61: Lp12Ac | I61: 0 | J61: Lifepak 12 - AC Adaptor | K61: 9 | L61: 13 | M61: u
B62: =IF(AND(ISBLANK($C62),ISBLANK($E62),ISBLANK($G62),ISBLANK($H62)),"",IF(OR(ISBLANK($C62),ISBLANK($E62),ISBLANK($G62),ISBLANK($H62)),"Missing Info",$C62&"-"&TEXT($E62,"0000")&"-"&TEXT($G62,"0000")&"-"&TEXT($H62,"000"))) -> DP-Ds-PhyC-Lp12BkPou | C62: DP | D62: Defib. Supply | E62: =VLOOKUP(D62,'Listes Inventaire'!E:F,2,FALSE) -> Ds | F62: Physio Control | G62: =VLOOKUP(F62,'Listes Inventaire'!H:I,2,FALSE) -> PhyC | H62: Lp12BkPou | J62: Lifepak 12 - Back Pouch | L62: 3 | M62: U | U62: 0
B63: =IF(AND(ISBLANK($C63),ISBLANK($E63),ISBLANK($G63),ISBLANK($H63)),"",IF(OR(ISBLANK($C63),ISBLANK($E63),ISBLANK($G63),ISBLANK($H63)),"Missing Info",$C63&"-"&TEXT($E63,"0000")&"-"&TEXT($G63,"0000")&"-"&TEXT($H63,"000"))) -> DP-Ds-PhyC-Lp12Strap | C63: DP | D63: Defib. Supply | E63: =VLOOKUP(D63,'Listes Inventaire'!E:F,2,FALSE) -> Ds | F63: Physio Control | G63: =VLOOKUP(F63,'Listes Inventaire'!H:I,2,FALSE) -> PhyC | H63: Lp12Strap | I63: 11220-000030 | J63: Lifepak 12 - Bandoulière de remplacement | L63: 1 | M63: N
B64: =IF(AND(ISBLANK($C64),ISBLANK($E64),ISBLANK($G64),ISBLANK($H64)),"",IF(OR(ISBLANK($C64),ISBLANK($E64),ISBLANK($G64),ISBLANK($H64)),"Missing Info",$C64&"-"&TEXT($E64,"0000")&"-"&TEXT($G64,"0000")&"-"&TEXT($H64,"000"))) -> DP-Ds-PhyC-Lp12NiCd | C64: DP | D64: Defib. Supply | E64: =VLOOKUP(D64,'Listes Inventaire'!E4:F18,2,FALSE) -> Ds | F64: Physio Control | G64: =VLOOKUP(F64,'Listes Inventaire'!H:I,2,FALSE) -> PhyC | H64: Lp12NiCd | J64: Lifepak 12 - Batterie NiCd (new) | K64: 12 | L64: 2 | M64: N
B65: =IF(AND(ISBLANK($C65),ISBLANK($E65),ISBLANK($G65),ISBLANK($H65)),"",IF(OR(ISBLANK($C65),ISBLANK($E65),ISBLANK($G65),ISBLANK($H65)),"Missing Info",$C65&"-"&TEXT($E65,"0000")&"-"&TEXT($G65,"0000")&"-"&TEXT($H65,"000"))) -> DP-Ds-PhyC-Lp12NiCdU | C65: DP | D65: Defib. Supply | E65: =VLOOKUP(D65,'Listes Inventaire'!E:F,2,FALSE) -> Ds | F65: Physio Control | G65: =VLOOKUP(F65,'Listes Inventaire'!H:I,2,FALSE) -> PhyC | H65: Lp12NiCdU | J65: Lifepak 12 - Batterie NiCd (USED) | L65: 5 | M65: U
B66: =IF(AND(ISBLANK($C66),ISBLANK($E66),ISBLANK($G66),ISBLANK($H66)),"",IF(OR(ISBLANK($C66),ISBLANK($E66),ISBLANK($G66),ISBLANK($H66)),"Missing Info",$C66&"-"&TEXT($E66,"0000")&"-"&TEXT($G66,"0000")&"-"&TEXT($H66,"000"))) -> DP-Ds-PhyC-Lp12bpTub12 | C66: DP | D66: Defib. Supply | E66: =VLOOKUP(D66,'Listes Inventaire'!E4:F18,2,FALSE) -> Ds | F66: Physio Control | G66: =VLOOKUP(F66,'Listes Inventaire'!H:I,2,FALSE) -> PhyC | H66: Lp12bpTub12 | I66: 11996-000125 | J66: Lifepak 12 - Boyau PNI 12'' | L66: 3 | M66: u
B67: =IF(AND(ISBLANK($C67),ISBLANK($E67),ISBLANK($G67),ISBLANK($H67)),"",IF(OR(ISBLANK($C67),ISBLANK($E67),ISBLANK($G67),ISBLANK($H67)),"Missing Info",$C67&"-"&TEXT($E67,"0000")&"-"&TEXT($G67,"0000")&"-"&TEXT($H67,"000"))) -> DP-Ds-PhyC-Lp12bpTub9 | C67: DP | D67: Defib. Supply | E67: =VLOOKUP(D67,'Listes Inventaire'!E4:F18,2,FALSE) -> Ds | F67: Physio Control | G67: =VLOOKUP(F67,'Listes Inventaire'!H:I,2,FALSE) -> PhyC | H67: Lp12bpTub9 | I67: 11996-000033 | J67: Lifepak 12 - Boyau PNI 9'' | L67: 3 | M67: u
B68: =IF(AND(ISBLANK($C68),ISBLANK($E68),ISBLANK($G68),ISBLANK($H68)),"",IF(OR(ISBLANK($C68),ISBLANK($E68),ISBLANK($G68),ISBLANK($H68)),"Missing Info",$C68&"-"&TEXT($E68,"0000")&"-"&TEXT($G68,"0000")&"-"&TEXT($H68,"000"))) -> DP-Ds-PhyC-Lp12CblPc | C68: DP | D68: Defib. Supply | E68: =VLOOKUP(D68,'Listes Inventaire'!E4:F18,2,FALSE) -> Ds | F68: Physio Control | G68: =VLOOKUP(F68,'Listes Inventaire'!H:I,2,FALSE) -> PhyC | H68: Lp12CblPc | I68: 11230-000005 | J68: Lifepak 12 - Cable de liaison PC | L68: 1 | M68: demo
B69: =IF(AND(ISBLANK($C69),ISBLANK($E69),ISBLANK($G69),ISBLANK($H69)),"",IF(OR(ISBLANK($C69),ISBLANK($E69),ISBLANK($G69),ISBLANK($H69)),"Missing Info",$C69&"-"&TEXT($E69,"0000")&"-"&TEXT($G69,"0000")&"-"&TEXT($H69,"000"))) -> DP-Ds-PhyC-Lp12CblBase | C69: DP | D69: Defib. Supply | E69: =VLOOKUP(D69,'Listes Inventaire'!E4:F18,2,FALSE) -> Ds | F69: Physio Control | G69: =VLOOKUP(F69,'Listes Inventaire'!H:I,2,FALSE) -> PhyC | H69: Lp12CblBase | I69: 11110-000102 | J69: Lifepak 12 - Cable Ecg 12 Lead 96" (cable de base) | L69: 10 | M69: U & D
B70: =IF(AND(ISBLANK($C70),ISBLANK($E70),ISBLANK($G70),ISBLANK($H70)),"",IF(OR(ISBLANK($C70),ISBLANK($E70),ISBLANK($G70),ISBLANK($H70)),"Missing Info",$C70&"-"&TEXT($E70,"0000")&"-"&TEXT($G70,"0000")&"-"&TEXT($H70,"000"))) -> DP-Ds-PhyC-Lp12CblV1-V6 | C70: DP | D70: Defib. Supply | E70: =VLOOKUP(D70,'Listes Inventaire'!E4:F18,2,FALSE) -> Ds | F70: Physio Control | G70: =VLOOKUP(F70,'Listes Inventaire'!H:I,2,FALSE) -> PhyC | H70: Lp12CblV1-V6 | I70: 11110-000103 | J70: Lifepak 12 - Cable Ecg 12 Precordial Lead (V1-V6) | L70: 12 | M70: U & D
B71: =IF(AND(ISBLANK($C71),ISBLANK($E71),ISBLANK($G71),ISBLANK($H71)),"",IF(OR(ISBLANK($C71),ISBLANK($E71),ISBLANK($G71),ISBLANK($H71)),"Missing Info",$C71&"-"&TEXT($E71,"0000")&"-"&TEXT($G71,"0000")&"-"&TEXT($H71,"000"))) -> DP-Ds-PhyC-Lp15CfgCbl | C71: DP | D71: Defib. Supply | E71: =VLOOKUP(D71,'Listes Inventaire'!E4:F18,2,FALSE) -> Ds | F71: Physio Control | G71: =VLOOKUP(F71,'Listes Inventaire'!H:I,2,FALSE) -> PhyC | H71: Lp15CfgCbl | I71: 3311538 | J71: Lifepak 12 - configuration transfer cable | K71: 2 | L71: 2 | M71: u
B72: =IF(AND(ISBLANK($C72),ISBLANK($E72),ISBLANK($G72),ISBLANK($H72)),"",IF(OR(ISBLANK($C72),ISBLANK($E72),ISBLANK($G72),ISBLANK($H72)),"Missing Info",$C72&"-"&TEXT($E72,"0000")&"-"&TEXT($G72,"0000")&"-"&TEXT($H72,"000"))) -> DP-Ds-PhyC-Lp12HrdPadPedi | C72: DP | D72: Defib. Supply | E72: =VLOOKUP(D72,'Listes Inventaire'!E:F,2,FALSE) -> Ds | F72: Physio Control | G72: =VLOOKUP(F72,'Listes Inventaire'!H:I,2,FALSE) -> PhyC | H72: Lp12HrdPadPedi | J72: Lifepak 12 - Hard Paddle adapter pediatric | L72: 5 | M72: D
B73: =IF(AND(ISBLANK($C73),ISBLANK($E73),ISBLANK($G73),ISBLANK($H73)),"",IF(OR(ISBLANK($C73),ISBLANK($E73),ISBLANK($G73),ISBLANK($H73)),"Missing Info",$C73&"-"&TEXT($E73,"0000")&"-"&TEXT($G73,"0000")&"-"&TEXT($H73,"000"))) -> DP-De-PhyC-Lp12HrdPad | C73: DP | D73: Defib. Equip | E73: =VLOOKUP(D73,'Listes Inventaire'!E:F,2,FALSE) -> De | F73: Physio Control | G73: =VLOOKUP(F73,'Listes Inventaire'!H:I,2,FALSE) -> PhyC | H73: Lp12HrdPad | J73: Lifepak 12 - Hard Paddles (1pr) | K73: 1 | L73: 1 | M73: D
B74: =IF(AND(ISBLANK($C74),ISBLANK($E74),ISBLANK($G74),ISBLANK($H74)),"",IF(OR(ISBLANK($C74),ISBLANK($E74),ISBLANK($G74),ISBLANK($H74)),"Missing Info",$C74&"-"&TEXT($E74,"0000")&"-"&TEXT($G74,"0000")&"-"&TEXT($H74,"000"))) -> DP-Ds-PhyC-Lp12BpTub | C74: DP | D74: Defib. Supply | E74: =VLOOKUP(D74,'Listes Inventaire'!E:F,2,FALSE) -> Ds | F74: Physio Control | G74: =VLOOKUP(F74,'Listes Inventaire'!H:I,2,FALSE) -> PhyC | H74: Lp12BpTub | J74: Lifepak 12 - NiBP Regular Tube (9' or 12') | L74: 1 | M74: D
B75: =IF(AND(ISBLANK($C75),ISBLANK($E75),ISBLANK($G75),ISBLANK($H75)),"",IF(OR(ISBLANK($C75),ISBLANK($E75),ISBLANK($G75),ISBLANK($H75)),"Missing Info",$C75&"-"&TEXT($E75,"0000")&"-"&TEXT($G75,"0000")&"-"&TEXT($H75,"000"))) -> DP-Ds-PhyC-Lp12BpCork | C75: DP | D75: Defib. Supply | E75: =VLOOKUP(D75,'Listes Inventaire'!E:F,2,FALSE) -> Ds | F75: Physio Control | G75: =VLOOKUP(F75,'Listes Inventaire'!H:I,2,FALSE) -> PhyC | H75: Lp12BpCork | J75: Lifepak 12 - NiBP Spiraled Tube 12' | L75: 1 | M75: D
B76: =IF(AND(ISBLANK($C76),ISBLANK($E76),ISBLANK($G76),ISBLANK($H76)),"",IF(OR(ISBLANK($C76),ISBLANK($E76),ISBLANK($G76),ISBLANK($H76)),"Missing Info",$C76&"-"&TEXT($E76,"0000")&"-"&TEXT($G76,"0000")&"-"&TEXT($H76,"000"))) -> DP-Ds-PhyC-Lp12TherCbl | C76: DP | D76: Defib. Supply | E76: =VLOOKUP(D76,'Listes Inventaire'!E4:F18,2,FALSE) -> Ds | F76: Physio Control | G76: =VLOOKUP(F76,'Listes Inventaire'!H:I,2,FALSE) -> PhyC | H76: Lp12TherCbl | I76: 11110-000051 | J76: Lifepak 12 - Therapy Cable | L76: 9 | M76: u
B77: =IF(AND(ISBLANK($C77),ISBLANK($E77),ISBLANK($G77),ISBLANK($H77)),"",IF(OR(ISBLANK($C77),ISBLANK($E77),ISBLANK($G77),ISBLANK($H77)),"Missing Info",$C77&"-"&TEXT($E77,"0000")&"-"&TEXT($G77,"0000")&"-"&TEXT($H77,"000"))) -> DP-Ds-PhyC-Lp15Wire | C77: DP | D77: Defib. Supply | E77: =VLOOKUP(D77,'Listes Inventaire'!E4:F18,2,FALSE) -> Ds | F77: Physio Control | G77: =VLOOKUP(F77,'Listes Inventaire'!H:I,2,FALSE) -> PhyC | H77: Lp15Wire | I77: 3306602 | J77: Lifepak 15 - 4/6 wire holder | K77: 5 | L77: 5 | M77: u
B78: =IF(AND(ISBLANK($C78),ISBLANK($E78),ISBLANK($G78),ISBLANK($H78)),"",IF(OR(ISBLANK($C78),ISBLANK($E78),ISBLANK($G78),ISBLANK($H78)),"Missing Info",$C78&"-"&TEXT($E78,"0000")&"-"&TEXT($G78,"0000")&"-"&TEXT($H78,"000"))) -> DP-Ds-PhyC-Lp15Hk | C78: DP | D78: Defib. Supply | E78: =VLOOKUP(D78,'Listes Inventaire'!E4:F18,2,FALSE) -> Ds | F78: Physio Control | G78: =VLOOKUP(F78,'Listes Inventaire'!H:I,2,FALSE) -> PhyC | H78: Lp15Hk | J78: Lifepak 15 - carry hooks | K78: 1 | L78: 1 | M78: u
B79: =IF(AND(ISBLANK($C79),ISBLANK($E79),ISBLANK($G79),ISBLANK($H79)),"",IF(OR(ISBLANK($C79),ISBLANK($E79),ISBLANK($G79),ISBLANK($H79)),"Missing Info",$C79&"-"&TEXT($E79,"0000")&"-"&TEXT($G79,"0000")&"-"&TEXT($H79,"000"))) -> DP-Ds-PhyC-Lp15TempCbl | C79: DP | D79: Defib. Supply | E79: =VLOOKUP(D79,'Listes Inventaire'!E4:F18,2,FALSE) -> Ds | F79: Physio Control | G79: =VLOOKUP(F79,'Listes Inventaire'!H:I,2,FALSE) -> PhyC | H79: Lp15TempCbl | I79: 3303938 | J79: Lifepak 15 - Temperature Adapter Cable | K79: 2 | L79: 2 | M79: demo
B80: =IF(AND(ISBLANK($C80),ISBLANK($E80),ISBLANK($G80),ISBLANK($H80)),"",IF(OR(ISBLANK($C80),ISBLANK($E80),ISBLANK($G80),ISBLANK($H80)),"Missing Info",$C80&"-"&TEXT($E80,"0000")&"-"&TEXT($G80,"0000")&"-"&TEXT($H80,"000"))) -> DP-Ds-PhyC-Lp15Wire | C80: DP | D80: Defib. Supply | E80: =VLOOKUP(D80,'Listes Inventaire'!E4:F18,2,FALSE) -> Ds | F80: Physio Control | G80: =VLOOKUP(F80,'Listes Inventaire'!H:I,2,FALSE) -> PhyC | H80: Lp15Wire | I80: 3306602 | J80: Lifepak 15 - 4/6 wire holder | K80: 2 | L80: 2 | M80: nbox
B81: =IF(AND(ISBLANK($C81),ISBLANK($E81),ISBLANK($G81),ISBLANK($H81)),"",IF(OR(ISBLANK($C81),ISBLANK($E81),ISBLANK($G81),ISBLANK($H81)),"Missing Info",$C81&"-"&TEXT($E81,"0000")&"-"&TEXT($G81,"0000")&"-"&TEXT($H81,"000"))) -> DP-Ds-PhyC-Lp15EcgV1V6usa | C81: DP | D81: Defib. Supply | E81: =VLOOKUP(D81,'Listes Inventaire'!E:F,2,FALSE) -> Ds | F81: Physio Control | G81: =VLOOKUP(F81,'Listes Inventaire'!H:I,2,FALSE) -> PhyC | H81: Lp15EcgV1V6usa | I81: 11110-000103 | J81: Lifepak 15 - 6 wire precordial lead attachment (USA) | L81: 3 | M81: Demo
B82: =IF(AND(ISBLANK($C82),ISBLANK($E82),ISBLANK($G82),ISBLANK($H82)),"",IF(OR(ISBLANK($C82),ISBLANK($E82),ISBLANK($G82),ISBLANK($H82)),"Missing Info",$C82&"-"&TEXT($E82,"0000")&"-"&TEXT($G82,"0000")&"-"&TEXT($H82,"000"))) -> DP-Ds-PhyC-Lp15EcgV1V6ceu | C82: DP | D82: Defib. Supply | E82: =VLOOKUP(D82,'Listes Inventaire'!E:F,2,FALSE) -> Ds | F82: Physio Control | G82: =VLOOKUP(F82,'Listes Inventaire'!H:I,2,FALSE) -> PhyC | H82: Lp15EcgV1V6ceu | I82: 11110-000103 | J82: Lifepak 15 - 6 wire precordial lead attachment (USA) | L82: 2 | M82: D
B83: =IF(AND(ISBLANK($C83),ISBLANK($E83),ISBLANK($G83),ISBLANK($H83)),"",IF(OR(ISBLANK($C83),ISBLANK($E83),ISBLANK($G83),ISBLANK($H83)),"Missing Info",$C83&"-"&TEXT($E83,"0000")&"-"&TEXT($G83,"0000")&"-"&TEXT($H83,"000"))) -> DP-Ds-PhyC-Lp15AcAdp | C83: DP | D83: Defib. Supply | E83: =VLOOKUP(D83,'Listes Inventaire'!E:F,2,FALSE) -> Ds | F83: Physio Control | G83: =VLOOKUP(F83,'Listes Inventaire'!H:I,2,FALSE) -> PhyC | H83: Lp15AcAdp | I83: 11140-000072 | J83: Lifepak 15 - AC Power Adapter | L83: 2 | M83: Demo
B84: =IF(AND(ISBLANK($C84),ISBLANK($E84),ISBLANK($G84),ISBLANK($H84)),"",IF(OR(ISBLANK($C84),ISBLANK($E84),ISBLANK($G84),ISBLANK($H84)),"Missing Info",$C84&"-"&TEXT($E84,"0000")&"-"&TEXT($G84,"0000")&"-"&TEXT($H84,"000"))) -> DP-Ds-PhyC-Lp15AcCord | C84: DP | D84: Defib. Supply | E84: =VLOOKUP(D84,'Listes Inventaire'!E:F,2,FALSE) -> Ds | F84: Physio Control | G84: =VLOOKUP(F84,'Listes Inventaire'!H:I,2,FALSE) -> PhyC | H84: Lp15AcCord | I84: 11140-000015 | J84: Lifepak 15 - AC Power Cord | L84: 1 | M84: Demo
B85: =IF(AND(ISBLANK($C85),ISBLANK($E85),ISBLANK($G85),ISBLANK($H85)),"",IF(OR(ISBLANK($C85),ISBLANK($E85),ISBLANK($G85),ISBLANK($H85)),"Missing Info",$C85&"-"&TEXT($E85,"0000")&"-"&TEXT($G85,"0000")&"-"&TEXT($H85,"000"))) -> DP-Ds-PhyC-Lp15Batt | C85: DP | D85: Defib. Supply | E85: =VLOOKUP(D85,'Listes Inventaire'!E:F,2,FALSE) -> Ds | F85: Physio Control | G85: =VLOOKUP(F85,'Listes Inventaire'!H:I,2,FALSE) -> PhyC | H85: Lp15Batt | I85: 21330-001176 | J85: Lifepak 15 - Battery Lithium-Ion 5.7 Amp Hour Cap. | L85: 3 | M85: Demo
B86: =IF(AND(ISBLANK($C86),ISBLANK($E86),ISBLANK($G86),ISBLANK($H86)),"",IF(OR(ISBLANK($C86),ISBLANK($E86),ISBLANK($G86),ISBLANK($H86)),"Missing Info",$C86&"-"&TEXT($E86,"0000")&"-"&TEXT($G86,"0000")&"-"&TEXT($H86,"000"))) -> DP-Ds-PhyC-Lp15Ecg12ceu | C86: DP | D86: Defib. Supply | E86: =VLOOKUP(D86,'Listes Inventaire'!E:F,2,FALSE) -> Ds | F86: Physio Control | G86: =VLOOKUP(F86,'Listes Inventaire'!H:I,2,FALSE) -> PhyC | H86: Lp15Ecg12ceu | J86: Lifepak 15 - ECG Cable Main Trunk 8' (CEU) | L86: 2 | M86: D
B87: =IF(AND(ISBLANK($C87),ISBLANK($E87),ISBLANK($G87),ISBLANK($H87)),"",IF(OR(ISBLANK($C87),ISBLANK($E87),ISBLANK($G87),ISBLANK($H87)),"Missing Info",$C87&"-"&TEXT($E87,"0000")&"-"&TEXT($G87,"0000")&"-"&TEXT($H87,"000"))) -> DP-Ds-PhyC-Lp15Ecg12usa | C87: DP | D87: Defib. Supply | E87: =VLOOKUP(D87,'Listes Inventaire'!E:F,2,FALSE) -> Ds | F87: Physio Control | G87: =VLOOKUP(F87,'Listes Inventaire'!H:I,2,FALSE) -> PhyC | H87: Lp15Ecg12usa | I87: 11110-000111 | J87: Lifepak 15 - ECG Cable Main Trunk 8' (USA) | L87: 5 | M87: Demo
B88: =IF(AND(ISBLANK($C88),ISBLANK($E88),ISBLANK($G88),ISBLANK($H88)),"",IF(OR(ISBLANK($C88),ISBLANK($E88),ISBLANK($G88),ISBLANK($H88)),"Missing Info",$C88&"-"&TEXT($E88,"0000")&"-"&TEXT($G88,"0000")&"-"&TEXT($H88,"000"))) -> DP-Ds-PhyC-Lp15HrdPad | C88: DP | D88: Defib. Supply | E88: =VLOOKUP(D88,'Listes Inventaire'!E:F,2,FALSE) -> Ds | F88: Physio Control | G88: =VLOOKUP(F88,'Listes Inventaire'!H:I,2,FALSE) -> PhyC | H88: Lp15HrdPad | J88: Lifepak 15 - Hard Paddle (1pr) | L88: 1 | M88: D
B89: =IF(AND(ISBLANK($C89),ISBLANK($E89),ISBLANK($G89),ISBLANK($H89)),"",IF(OR(ISBLANK($C89),ISBLANK($E89),ISBLANK($G89),ISBLANK($H89)),"Missing Info",$C89&"-"&TEXT($E89,"0000")&"-"&TEXT($G89,"0000")&"-"&TEXT($H89,"000"))) -> DP-Ds-PhyC-Lp15Mount | C89: DP | D89: Defib. Supply | E89: =VLOOKUP(D89,'Listes Inventaire'!E:F,2,FALSE) -> Ds | F89: Physio Control | G89: =VLOOKUP(F89,'Listes Inventaire'!H:I,2,FALSE) -> PhyC | H89: Lp15Mount | J89: Lifepak 15 - Mounting Plate | L89: 1 | M89: D
B90: =IF(AND(ISBLANK($C90),ISBLANK($E90),ISBLANK($G90),ISBLANK($H90)),"",IF(OR(ISBLANK($C90),ISBLANK($E90),ISBLANK($G90),ISBLANK($H90)),"Missing Info",$C90&"-"&TEXT($E90,"0000")&"-"&TEXT($G90,"0000")&"-"&TEXT($H90,"000"))) -> DP-Ds-PhyC-Lp15OpMan | C90: DP | D90: Defib. Supply | E90: =VLOOKUP(D90,'Listes Inventaire'!E4:F18,2,FALSE) -> Ds | F90: Physio Control | G90: =VLOOKUP(F90,'Listes Inventaire'!H:I,2,FALSE) -> PhyC | H90: Lp15OpMan | I90: 3306222 | J90: Lifepak 15 - Operating Manual | K90: 1 | L90: 2 | M90: nbox
B91: =IF(AND(ISBLANK($C91),ISBLANK($E91),ISBLANK($G91),ISBLANK($H91)),"",IF(OR(ISBLANK($C91),ISBLANK($E91),ISBLANK($G91),ISBLANK($H91)),"Missing Info",$C91&"-"&TEXT($E91,"0000")&"-"&TEXT($G91,"0000")&"-"&TEXT($H91,"000"))) -> DP-Ds-PhyC-Lp15QcThCbl | C91: DP | D91: Defib. Supply | E91: =VLOOKUP(D91,'Listes Inventaire'!E:F,2,FALSE) -> Ds | F91: Physio Control | G91: =VLOOKUP(F91,'Listes Inventaire'!H:I,2,FALSE) -> PhyC | H91: Lp15QcThCbl | I91: 11110-000004 | J91: Lifepak 15 - Quik Combo Therapy Cable | L91: 5 | M91: Demo
B92: =IF(AND(ISBLANK($C92),ISBLANK($E92),ISBLANK($G92),ISBLANK($H92)),"",IF(OR(ISBLANK($C92),ISBLANK($E92),ISBLANK($G92),ISBLANK($H92)),"Missing Info",$C92&"-"&TEXT($E92,"0000")&"-"&TEXT($G92,"0000")&"-"&TEXT($H92,"000"))) -> DP -Ds-PhyC-Lp15Chg | C92: DP | D92: Defib. Supply | E92: =VLOOKUP(D92,'Listes Inventaire'!E:F,2,FALSE) -> Ds | F92: Physio Control | G92: =VLOOKUP(F92,'Listes Inventaire'!H:I,2,FALSE) -> PhyC | H92: Lp15Chg | I92: 11577-000004 | J92: Lifepak 15 - Station Battery Charger | L92: 1 | M92: Demo | N92: 900 | O92: 500 | P92: 1800 | Q92: -
B93: =IF(AND(ISBLANK($C93),ISBLANK($E93),ISBLANK($G93),ISBLANK($H93)),"",IF(OR(ISBLANK($C93),ISBLANK($E93),ISBLANK($G93),ISBLANK($H93)),"Missing Info",$C93&"-"&TEXT($E93,"0000")&"-"&TEXT($G93,"0000")&"-"&TEXT($H93,"000"))) -> DP-Ds-PhyC-Lp20Door | C93: DP | D93: Defib. Supply | E93: =VLOOKUP(D93,'Listes Inventaire'!E:F,2,FALSE) -> Ds | F93: Physio Control | G93: =VLOOKUP(F93,'Listes Inventaire'!H:I,2,FALSE) -> PhyC | H93: Lp20Door | J93: Lifepak 20 - AED Front Door | L93: 3 | M93: D
B94: =IF(AND(ISBLANK($C94),ISBLANK($E94),ISBLANK($G94),ISBLANK($H94)),"",IF(OR(ISBLANK($C94),ISBLANK($E94),ISBLANK($G94),ISBLANK($H94)),"Missing Info",$C94&"-"&TEXT($E94,"0000")&"-"&TEXT($G94,"0000")&"-"&TEXT($H94,"000"))) -> DP-Ds-PhyC-Lp20Pch | C94: DP | D94: Defib. Supply | E94: =VLOOKUP(D94,'Listes Inventaire'!E4:F18,2,FALSE) -> Ds | F94: Physio Control | G94: =VLOOKUP(F94,'Listes Inventaire'!H:I,2,FALSE) -> PhyC | H94: Lp20Pch | I94: 11260-000016 | J94: Lifepak 20 Accessory Pouch | K94: 1 | L94: 1 | M94: u
B95: =IF(AND(ISBLANK($C95),ISBLANK($E95),ISBLANK($G95),ISBLANK($H95)),"",IF(OR(ISBLANK($C95),ISBLANK($E95),ISBLANK($G95),ISBLANK($H95)),"Missing Info",$C95&"-"&TEXT($E95,"0000")&"-"&TEXT($G95,"0000")&"-"&TEXT($H95,"000"))) -> UK-Ds-PhyC-Lp20PchPal | C95: UK | D95: Defib. Supply | E95: =VLOOKUP(D95,'Listes Inventaire'!E4:F18,2,FALSE) -> Ds | F95: Physio Control | G95: =VLOOKUP(F95,'Listes Inventaire'!H:I,2,FALSE) -> PhyC | H95: Lp20PchPal | J95: Lifepak 20 Accessory Pouch (palette) | L95: 1 | M95: u | N95: 56 | O95: 15 | P95: 0 | Q95: - | R95: 0 | S95: 0 | T95: 0
B96: =IF(AND(ISBLANK($C96),ISBLANK($E96),ISBLANK($G96),ISBLANK($H96)),"",IF(OR(ISBLANK($C96),ISBLANK($E96),ISBLANK($G96),ISBLANK($H96)),"Missing Info",$C96&"-"&TEXT($E96,"0000")&"-"&TEXT($G96,"0000")&"-"&TEXT($H96,"000"))) -> DP-Ds-PhyC-Lp20TrCs | C96: DP | D96: Defib. Supply | E96: =VLOOKUP(D96,'Listes Inventaire'!E4:F18,2,FALSE) -> Ds | F96: Physio Control | G96: =VLOOKUP(F96,'Listes Inventaire'!H:I,2,FALSE) -> PhyC | H96: Lp20TrCs | J96: Lifepak 20 Case transport | L96: 1 | M96: u
B97: =IF(AND(ISBLANK($C97),ISBLANK($E97),ISBLANK($G97),ISBLANK($H97)),"",IF(OR(ISBLANK($C97),ISBLANK($E97),ISBLANK($G97),ISBLANK($H97)),"Missing Info",$C97&"-"&TEXT($E97,"0000")&"-"&TEXT($G97,"0000")&"-"&TEXT($H97,"000"))) -> DP-Ds-PhyC-Lp20TrCsx | C97: DP | D97: Defib. Supply | E97: =VLOOKUP(D97,'Listes Inventaire'!E4:F18,2,FALSE) -> Ds | F97: Physio Control | G97: =VLOOKUP(F97,'Listes Inventaire'!H:I,2,FALSE) -> PhyC | H97: Lp20TrCsx | J97: Lifepak 20 Case transport (générique) | L97: 1 | M97: u
B98: =IF(AND(ISBLANK($C98),ISBLANK($E98),ISBLANK($G98),ISBLANK($H98)),"",IF(OR(ISBLANK($C98),ISBLANK($E98),ISBLANK($G98),ISBLANK($H98)),"Missing Info",$C98&"-"&TEXT($E98,"0000")&"-"&TEXT($G98,"0000")&"-"&TEXT($H98,"000"))) -> DP-Ds-PhyC-Lp20DkSt | C98: DP | D98: Defib. Supply | E98: =VLOOKUP(D98,'Listes Inventaire'!E4:F18,2,FALSE) -> Ds | F98: Physio Control | G98: =VLOOKUP(F98,'Listes Inventaire'!H:I,2,FALSE) -> PhyC | H98: Lp20DkSt | I98: 21330-000996 | J98: Lifepak 20 Docking station | L98: 2 | M98: demo
B99: =IF(AND(ISBLANK($C99),ISBLANK($E99),ISBLANK($G99),ISBLANK($H99)),"",IF(OR(ISBLANK($C99),ISBLANK($E99),ISBLANK($G99),ISBLANK($H99)),"Missing Info",$C99&"-"&TEXT($E99,"0000")&"-"&TEXT($G99,"0000")&"-"&TEXT($H99,"000"))) -> DP-Ds-PhyC-Lp20PalRig | C99: DP | D99: Defib. Supply | E99: =VLOOKUP(D99,'Listes Inventaire'!E4:F18,2,FALSE) -> Ds | F99: Physio Control | G99: =VLOOKUP(F99,'Listes Inventaire'!H:I,2,FALSE) -> PhyC | H99: Lp20PalRig | I99: 11130-000037 | J99: Lifepak 20 Palette rigide adulte | L99: 3 | M99: demo
B100: =IF(AND(ISBLANK($C100),ISBLANK($E100),ISBLANK($G100),ISBLANK($H100)),"",IF(OR(ISBLANK($C100),ISBLANK($E100),ISBLANK($G100),ISBLANK($H100)),"Missing Info",$C100&"-"&TEXT($E100,"0000")&"-"&TEXT($G100,"0000")&"-"&TEXT($H100,"000"))) -> DP-Ds-PhyC-Lp20VHS | C100: DP | D100: Defib. Supply | E100: =VLOOKUP(D100,'Listes Inventaire'!E4:F18,2,FALSE) -> Ds | F100: Physio Control | G100: =VLOOKUP(F100,'Listes Inventaire'!H:I,2,FALSE) -> PhyC | H100: Lp20VHS | I100: 3202373 | J100: Lifepak 20 video VHS inservice | K100: 1 | L100: 1 | M100: nbox
...

Sheet Listes Inventaire
B2: Listes
B3: FOURNISSEURS | E3: Catégories | F3: abréviation | H3: Manufacturiers | I3: abréviation | L3: VENTES DANS L'INVENTAIRE
B4: JMD | E4: Medical | F4: Md | H4: Abbott | I4: Abb | K4: onglet associe | L4: no inventaire | M4: qte vendu
B5: DP | E5: Defib. Supply | F5: Ds | H5: Agilent | I5: Agi | K5: Template | L5: =INDIRECT("'"&K5&"'"&"!B22",TRUE) -> # d'Identifiant SCEM MEBS Picking List # | M5: =INDIRECT("'"&K5&"'"&"!E22",TRUE) -> 1
B6: CC | E6: Simulator | F6: Sm | H6: BIOJECTOR | I6: Bio | L6: =INDIRECT("'"&K5&"'"&"!B23",TRUE) -> # d'inventaire SCEM MEBS Picking List # | M6: =INDIRECT("'"&K6&"'"&"!E22",TRUE) -> #REF!
B7: UK | E7: Supply SPO2 | F7: O2 | H7: BMD | I7: BMD | L7: =INDIRECT("'"&K5&"'"&"!B24",TRUE) -> # d'inventaire SCEM MEBS Picking List # | M7: =INDIRECT("'"&K7&"'"&"!E22",TRUE) -> #REF!
B8: SS | E8: Equipment | F8: Eq | H8: Burton | I8: Bur | L8: =INDIRECT("'"&K5&"'"&"!B25",TRUE) -> # d'inventaire SCEM MEBS Picking List # | M8: =INDIRECT("'"&K8&"'"&"!E22",TRUE) -> #REF!
B9: AM | E9: Defib. Equip | F9: De | H9: Commed | I9: Com | L9: =INDIRECT("'"&K5&"'"&"!B26",TRUE) -> # d'inventaire SCEM MEBS Picking List # | M9: =INDIRECT("'"&K9&"'"&"!E22",TRUE) -> #REF!
B10: SOS | E10: Other | F10: Ot | H10: DNI Nevada Inc | I10: DNI | L10: =INDIRECT("'"&K5&"'"&"!B27",TRUE) -> # d'inventaire SCEM MEBS Picking List # | M10: =INDIRECT("'"&K10&"'"&"!E22",TRUE) -> #REF!
B11: DL | E11: ECG equipment | F11: ECG | H11: HillRom Air Shield | I11: HAS | L11: =INDIRECT("'"&K5&"'"&"!B28",TRUE) -> # d'inventaire SCEM MEBS Picking List # | M11: =INDIRECT("'"&K11&"'"&"!E22",TRUE) -> #REF!
B12: EVS | E12: Location | F12: Lo | H12: I Foundry | I12: Ifo | L12: =INDIRECT("'"&K5&"'"&"!B29",TRUE) -> # d'inventaire SCEM MEBS Picking List # | M12: =INDIRECT("'"&K12&"'"&"!E22",TRUE) -> #REF!
B13: DG | E13: Location/Achat | F13: Ac | H13: Leardeal | I13: Lear
B14: PH | E14: Formation | F14: Form | H14: Marquette | I14: Marq
B15: MEBS | H15: MasimoSET | I15: Masi
H16: measurments specialties | I16: MeaS
H17: medtronic | I17: MedT
H18: microstream | I18: MicS
H19: Nellcor | I19: Nell
H20: oridion medical | I20: Ori
H21: Philips | I21: Phi
H22: Physio Control | I22: PhyC
H23: PROPAQ | I23: ProP
H24: Schiller | I24: Sch
H25: Symbio | I25: Sym
H26: VIALYS | I26: Via
H27: Zoll | I27: Zoll
... H43: Unknown | I43: UK

Sheet ListeClients
A1: Nom | B1: Adresse 1 | C1: Adresse 2 | D1: Adresse 3 | E1: no client | F1: Contact | G1: Telephone | H1: Fax | I1: 2nd contact | J1: Courriel | L1: LISTE FACTURE VS SOUMISSION | M1: TOTAL A PAYER
A2: Client name - liste déroulante | B2: do not touch | C2: do not touch | F2: contact name (no touch) | G2: do not touch | J2: contact e-mail (no touch) | L2: Facture / Invoice | M2: Facture totale / Total Invoice
L3: Soumission | M3: Montant de cette proposition
A4: Client name - liste déroulante | B4: do not touch | C4: do not touch | F4: contact name (no touch) | G4: do not touch | J4: contact e-mail (no touch)
